 Dungeon Crawl Stone Soup version 0.31-a0-210-gccc998df9b (webtiles) character file.

Game seed: 17717973986353475376

15042698 vvokhom the Bringer of Light (level 27, 357/357 HPs)
             Began as a Gargoyle Cinder Acolyte on June 21, 2023.
             Was the Champion of the Shining One.
             Escaped with the Orb
             ... and 15 runes on June 29, 2023!
             The game lasted 12:46:16 (104625 turns).

vvokhom the Bringer of Light (GrCA)               Turns: 104625, Time: 12:46:17

Health: 357/357    AC: 68    Str: 40    XL:     27
Magic:  7/32       EV: 13    Int: 18    God:    the Shining One [******]
Gold:   11161      SH: 22    Dex:  7    Spells: 23/46 levels left

rFire   + + +        m - +9 sacred scourge (holy)
rCold   + + +        j - +1 kite shield {AC+3}
rNeg    + + +        F - +10 gold dragon scales
rPois   ∞            (helmet restricted)
rElec   +            R - scarf of Dyspraxia {shadows, Rampage +Blink Int+3}
rCorr   +            G - +0 pair of gloves "Kyiro" {rElec rC+ Slay+3}
SInv    .            H - +3 pair of mountain boots {steadfast, rC+}
Will    +++..        P - amulet of Qimpaep {Reflect Regen+ SH+5} Stlth
                     Y - +6 ring of strength
HPRegen 1.59/turn    N - ring of Salla Kusyts {rPois rF+ Str+6}
MPRegen 0.23/turn

%: reflection, rampage
@: mighty, brilliant, berserking, silenced, resistant, attractive, enlightened,
flying, hasted, glowing, studying 2 skills, very quick
A: sickness immunity, AC +20, big wings, negative energy resistance 1,
electricity resistance, torment resistance 1, petrification resistance, fangs 1,
horns 2, dopey 1, low MP 2, robust 2, shaggy fur 1
0: Orb of Zot
}: 15/15 runes: decaying, serpentine, slimy, silver, golden, iron, obsidian,
icy, bone, abyssal, demonic, glowing, magical, fiery, dark
a: Renounce Religion, Evoke Blink


You escaped.
You worshipped the Shining One.
The Shining One was exalted by your worship.
You visited 18 branches of the dungeon, and saw 88 of its levels.
You visited Pandemonium 6 times, and saw 23 of its levels.
You visited the Abyss 4 times.
You visited 1 bazaar.
You also visited: Sewer and Ice Cave.

You collected 16559 gold pieces.
You spent 5398 gold pieces at shops.

Inventory:

Hand Weapons
 m - a +9 sacred scourge of holy wrath (weapon)
Missiles
 c - 3 silver javelins
 k - 11 javelins (quivered)
 Q - 7 boomerangs of dispersal
 W - 3 silver boomerangs
Armour
 j - a +1 kite shield of protection (worn)
 F - +10 gold dragon scales (worn)
 G - the +0 pair of gloves "Kyiro" (worn) {rElec rC+ Slay+3}
   (You found it on level 2 of the Swamp)

   Slay:      It affects your accuracy & damage with ranged weapons and melee
   (+3).
   rC:        It protects you from cold.
   rElec:     It insulates you from electricity.
 H - the +3 pair of mountain boots (worn) {steadfast, rC+}
   (You found it in an ice cave)

   Steadfast: It prevents involuntary movement, except for blinking,
   teleportation, or banishment.
   rC:        It protects you from cold.
 K - the +3 helmet of the Sea {rElec rC- Slay+5}
   (You found it on level 1 of the Depths)

   Slay:      It affects your accuracy & damage with ranged weapons and melee
   (+5).
   rC:        It makes you vulnerable to cold.
   rElec:     It insulates you from electricity.
 R - the scarf of Dyspraxia (worn) {shadows, Rampage +Blink Int+3}
   (You acquired it on level 4 of the Realm of Zot)

   Int:       It affects your intelligence (+3).
   +Blink:    It lets you blink.
   Rampage:   It bestows one free step when moving towards enemies.
Jewellery
 a - a ring of wizardry
 i - the ring "Soiqi" {rPois Will+ Int+4 Dex+6 Stlth-}
   (You took it off a balrug in Pandemonium)

   [ring of dexterity]

   Int:       It affects your intelligence (+4).
   Dex:       It affects your dexterity (+6).
   rPois:     It protects you from poison.
   Will:      It increases your willpower.
   Stlth:     It makes you less stealthy.
 l - a +5 ring of evasion
 D - a +4 ring of protection
 N - the ring of Salla Kusyts (right hand) {rPois rF+ Str+6}
   (You took it off a deep elf pyromancer on level 8 of the Dungeon)

   [ring of strength]

   Str:       It affects your strength (+6).
   rF:        It protects you from fire.
   rPois:     It protects you from poison.
 P - the amulet of Qimpaep (around neck) {Reflect Regen+ SH+5}
   (You found it on level 3 of the Elven Halls)

   [amulet of reflection]

   It reflects blocked missile attacks.
   Regen:     It increases your rate of health regeneration.
   SH:        It affects your SH (+5).
 S - a +4 ring of protection
 X - a +6 ring of intelligence
 Y - a +6 ring of strength (left hand)
Wands
 e - a wand of roots (103)
 q - a wand of polymorph (6)
 s - a wand of paralysis (17)
 x - a wand of digging (34)
 y - a wand of flame (100)
 I - a wand of acid (60)
 M - a wand of mindburst (8)
Scrolls
 b - a scroll of amnesia
 o - 10 scrolls of immolation
 p - 27 scrolls of teleportation
 t - 4 scrolls of fog
 v - 4 scrolls of silence
 w - 5 scrolls of blinking
 B - 9 scrolls of poison
 C - 5 scrolls of butterflies
 O - 2 scrolls of revelation
 V - 16 scrolls of fear
Potions
 d - a potion of attraction
 f - 4 potions of might
 g - 5 potions of resistance
 h - a potion of cancellation
 u - 18 potions of curing
 z - 10 potions of enlightenment
 A - a potion of haste
 E - 13 potions of brilliance
 T - 4 potions of berserk rage
Miscellaneous
 n - a figurine of a ziggurat
 r - a lightning rod (4/4)
 J - a box of beasts
 L - a phantom mirror
 U - a tin of tremorstones (2/2)
 Z - a phial of floods


   Skills:
 O Level 27 Fighting
 - Level 4.2(17.1) Axes
 O Level 27 Maces & Flails
 - Level 17.0 Throwing
 O Level 27 Armour
 - Level 18.2 Dodging
 O Level 27 Shields
 - Level 10.0 Spellcasting
 - Level 16.0 Translocations
 - Level 6.0 Transmutations
 - Level 3.0 Fire Magic
 + Level 14.4 Air Magic
 O Level 27 Invocations
 - Level 9.0 Evocations


You had 23 spell levels left.
You knew the following spells:

 Your Spells              Type           Power      Damage    Failure   Level
a - Wereblood             Tmut           45%        N/A       3%          2
b - Passwall              Tmut/Erth      24%        N/A       12%         2
c - Blink                 Tloc           100%       N/A       1%          2
d - Swiftness             Air            75%        N/A       1%          3
e - Vhi's Electric Charg  Tloc/Air       100%       N/A       1%          3
f - Manifold Assault      Tloc           79%        N/A       1%          4
g - Passage of Golubria   Tloc           79%        N/A       1%          4
h - Gell's Gravitas       Tloc           79%        N/A       1%          3

Your spell library contained the following spells:

 Spells                   Type           Power      Damage    Failure   Level
 Apportation              Tloc           100%       N/A       1%          1
 Shock                    Conj/Air       100%       1d9       1%          1
 Teleport Other           Tloc           79%        N/A       1%          3
 Airstrike                Air            37%        2d(6-22)  1%          4
 Beastly Appendage        Tmut           90%        N/A       2%          1
 Poisonous Vapours        Pois/Air       100%       N/A       2%          2
 Static Discharge         Conj/Air       100%       2-7/arc   2%          2
 Portal Projectile        Hex/Tloc       100%       N/A       3%          3
 Dispersal                Tloc           39%        N/A       6%          6
 Sting                    Tmut/Pois      100%       1d8       9%          1
 Iskenderun's Mystic Bla  Conj/Tloc      54%        2d12      11%         4
 Scorch                   Fire           58%        2d7       12%         2
 Mephitic Cloud           Conj/Pois/Air  39%        N/A       12%         3
 Summon Lightning Spire   Summ/Air       51%        N/A       14%         4
 Foxfire                  Conj/Fire      84%        2x1d8     16%         1
 Ignite Poison            Fire/Tmut/Pois 29%        N/A       24%         3
 Spider Form              Tmut/Pois      29%        N/A       24%         3
 Freeze                   Ice            52%        1d6       28%         1
 Magic Dart               Conj           52%        1d5       28%         1
 Necrotise                Necr           52%        1d6       28%         1
 Slow                     Hex            52%        N/A       28%         1
 Summon Small Mammal      Summ           52%        N/A       28%         1
 Summon Forest            Summ/Tloc      27%        N/A       28%         5
 Call Imp                 Summ           26%        N/A       38%         2
 Ensorcelled Hibernation  Hex/Ice        26%        N/A       38%         2
 Searing Ray              Conj           26%        2d5       38%         2
 Arcjolt                  Conj/Air       25%        1d35      38%         5
 Silence                  Hex/Air        25%        N/A       38%         5
 Inner Flame              Hex/Fire       21%        N/A       41%         3
 Blade Hands              Tmut           22%        N/A       54%         5
 Call Canine Familiar     Summ           13%        N/A       63%         3
 Confusing Touch          Hex            13%        N/A       63%         3
 Dazzling Flash           Conj/Hex       26%        N/A       63%         3
 Frozen Ramparts          Ice            26%        1d4       63%         3
 Hailstorm                Conj/Ice       13%        3d5       63%         3
 Ozocubu's Armour         Ice            13%        N/A       63%         3
 Stone Arrow              Conj/Erth      26%        3d8       63%         3
 Summon Guardian Golem    Hex/Summ       13%        N/A       63%         3
 Tukima's Dance           Hex            13%        N/A       63%         3
 Vampiric Draining        Necr           13%        2d6       63%         3
 Ice Form                 Ice/Tmut       29%        N/A       63%         4
 Freezing Cloud           Conj/Ice/Air   19%        6-21      73%         5
 Plasma Beam              Fire/Air       28%        2x1d41    77%         6
 Flame Wave               Conj/Fire      21%        2d8       83%         4
 Sticky Flame             Conj/Fire      21%        2d4       83%         4
 Alistair's Intoxication  Tmut/Pois      19%        N/A       92%         5
 Yara's Violent Unravell  Hex/Tmut       14%        3d7       92%         5
 Conjure Ball Lightning   Conj/Air       25%        3x3d7     92%         6
 Anguish                  Hex/Necr       6%         N/A       95%         4
 Animate Armour           Summ/Erth      26%        N/A       95%         4
 Cause Fear               Hex            6%         N/A       95%         4
 Dispel Undead            Necr           13%        3d9       95%         4
 Fulminant Prism          Conj/Hex       6%         3d7       95%         4
 Leda's Liquefaction      Hex/Erth       6%         N/A       95%         4
 Olgreb's Toxic Radiance  Pois           13%        N/A       95%         4
 Summon Ice Beast         Ice/Summ       13%        N/A       95%         4
 Disjunction              Tloc           39%        N/A       95%         8
 Storm Form               Tmut/Air       31%        N/A       98%         7
 Fireball                 Conj/Fire      10%        3d6       99%         5
 Maxwell's Capacitive Co  Air            37%        ∞         99%         8
 Agony                    Necr           13%        N/A       100%        5
 Borgnjor's Vile Clutch   Necr/Erth      6%         N/A       100%        5
 Iskenderun's Battlesphe  Conj           13%        2d7       100%        5
 Lee's Rapid Deconstruct  Erth           6%         3d6*      100%        5
 Metabolic Englaciation   Hex/Ice        6%         N/A       100%        5
 Summon Mana Viper        Hex/Summ       13%        N/A       100%        5
 Eringya's Noxious Bog    Tmut/Pois      14%        N/A       100%        6
 Leda's Unmaking          Conj/Erth      6%         9d2       100%        6
 Simulacrum               Ice/Necr       6%         N/A       100%        6
 Starburst                Conj/Fire      10%        6d5       100%        6
 Summon Cactus Giant      Summ           6%         N/A       100%        6
 Dragon Form              Tmut           22%        N/A       100%        7
 Enfeeble                 Hex            6%         N/A       100%        7
 Malign Gateway           Summ/Tloc      27%        N/A       100%        7
 Monstrous Menagerie      Summ           6%         N/A       100%        7
 Orb of Destruction       Conj           6%         9d6       100%        7
 Ozocubu's Refrigeration  Ice            6%         4d8       100%        7
 Spellforged Servitor     Conj/Summ      6%         N/A       100%        7
 Summon Hydra             Summ           6%         N/A       100%        7
 Discord                  Hex            6%         N/A       100%        8
 Ignition                 Fire           14%        3d6       100%        8
 Lehudib's Crystal Spear  Conj/Erth      6%         10d3      100%        8
 Necromutation            Tmut/Necr      14%        N/A       100%        8
 Dragon's Call            Summ           6%         N/A       100%        9
 Fire Storm               Conj/Fire      10%        8d3       100%        9
 Polar Vortex             Ice            6%         N/A       100%        9
 Cigotuvi's Dreadful Rot  Necr/Pois/Air  Unusable   N/A       N/A         2
 Sublimation of Blood     Necr           Unusable   N/A       N/A         2
 Statue Form              Tmut/Erth      Unusable   N/A       N/A         6

Dungeon Overview and Level Annotations

Branches:
Dungeon (15/15)            Temple (1/1) D:6            Lair (5/5) D:11
  Swamp (4/4) Lair:3        Snake (4/4) Lair:3        Slime (5/5) Lair:4
    Orc (2/2) D:10            Elf (3/3) Orc:2        Vaults (5/5) D:13
  Crypt (3/3) Vaults:2       Tomb (3/3) Crypt:3      Depths (4/4) D:15
   Hell (visited)             Dis (7/7) Hell            Geh (7/7) Hell
    Coc (7/7) Hell            Tar (7/7) Hell            Zot (5/5) Depths:4
  Sewer (visited)           IceCv (visited)

Altars:
Ashenzari
Cheibriados
Dithmenos
Elyvilon
Fedhas
Gozag
Hepliaklqana
Kikubaaqudgha
Makhleb
Nemelex Xobeh
Okawaru
Qazlal
Ru
Sif Muna
Trog
Uskayaw
Vehumet
Wu Jian
Xom
Yredelemnul
Zin
The Shining One
Jiyva

Shops:
D:4 [   Orc:1 (   Orc:2 (*(*   Elf:3 ?   Snake:1 (   Snake:4 =:=   Vaults:1 !
Vaults:2 (   Vaults:3 =   Vaults:4 (   Vaults:5 *   Zot:2 *

Portals:
Hell: Depths:1 Depths:2 Depths:3 Depths:4
Abyss: Depths:2 Depths:3
Pandemonium: Depths:1 Depths:2 Depths:4
Ziggurat: Depths:4


Innate Abilities, Weirdness & Mutations

You are immune to sickness and miasma.
Your stone body is resilient. (AC +20)
You are immune to poison.
Your large and strong wings let you fly.
You resist negative energy. (rN+)
You are resistant to electric shocks. (rElec)
You are resistant to unholy torment.
You are immune to petrification.
You have very sharp teeth.
You have a pair of horns on your head.
You are dopey. (Int -2)
Your magical capacity is very low. (-20% MP)
You are very robust. (+20% HP)
You are covered in fur. (AC +1)


Message History

You don't have enough magic to cast this spell.
Unknown command.
The orange demon stings your angel but does no damage.
The orange demon misses your angel.
Your daeva calls down the wrath of the Shining One upon the orange demon.
The orange demon is smitten.
Unknown command.
Your angel completely misses the orange demon.
Your angel hits the orange demon with a +3 whip of holy wrath!
The orange demon convulses!
The orange demon misses your angel.
The orange demon hits your angel but does no damage.
Your angel hits the orange demon with a +3 whip of holy wrath!!
The orange demon dies!
The Shining One accepts your kill.
Unknown command.
You swap places.
There is a staircase leading out of the dungeon here.
Really quaff the potion of attraction?
You feel attractive to monsters.
You feel very mighty all of a sudden.
You feel protected.
You feel more buoyant.
You feel clever all of a sudden.
You feel yourself speed up.
As you read the scroll of butterflies, it crumbles to dust.
You hear the flapping of tiny wings.
Your daeva is knocked back by the sudden gust.
Your angel is knocked back by the sudden gust. x2
Really read the scroll of immolation?
You can't even see any enemies this would affect.
As you read the scroll of immolation, it crumbles to dust.
The creatures around you are filled with an inner flame!
Okay, then.
You can't see any enemies this would affect, really read the scroll of silence?
As you read the scroll of silence, it crumbles to dust.
A profound silence engulfs you.
A red film seems to cover your vision as you go berserk!
You feel yourself moving faster!
You feel mighty!
You can't go down here!
You feel a strong urge to attack something.
You have escaped!

################.####
#.............#####
#.###########.....## #.#
##.....###..## #.#
##........b#..#
#.#####....#####..#.### #
#.##....b.#Abbbb#b....# #
#.##.##bb#Abb.bbb#b.#.# #
#.#.....bbb.b@bbbb#...#
####.......b#bbAbb.b#bb..#
.##...###..bb#bbbbb#bb..##
.....## ####..#####..####
###..# ##.......## ##>#
######### ###


You could see a friendly daeva (summoned, inner flame, unsilenced) and 2
friendly angels.

Vanquished Creatures
  Cerebov (Pan)
  Antaeus (Coc:7)
  Asmodeus (Geh:7)
  Ereshkigal (Tar:7)
  the Royal Jelly (Slime:5)
  Gloorx Vloq (Pan)
  the Serpent of Hell (Geh:7)
  Lom Lobon (Pan)
  Mnoleg (Pan)
  4 dread liches
  Dispater (Dis:7)
  2 orbs of fire (Zot:5)
  6 ancient liches
  Mennas (Crypt:2)
  The ghost of Raoceuw the Scorcher, a master NaVM of Cheibriados (Zot:2)
  2 juggernauts (Dis:7)
  24 royal mummies
  6 Killer Klowns
  The ghost of Joepramp the Sorcerer, a veteran DjFE of Hepliaklqana (Depths:1)
  Saint Roka (Snake:4)
  15 shard shrikes
  The ghost of Fopulom the Metallomancer, a veteran GrEE of Ashenzari (Depths:2)
  6 pandemonium lords (Pan)
  Geryon (Hell)
  A curse toe (Zot:1)
  10 golden dragons
  24 caustic shrikes
  2 profane servitors (Tar:4)
  17 bone dragons
  10 doom hounds
  11 Tzitzimimeh
  2 electric golems (Zot:5)
  15 Brimstone Fiends
  Rupert (Lair:3)
  12 iron giants
  13 tentacled monstrosities
  Jorgrun (D:14)
  21 Ice Fiends
  24 Orb Guardians
  9 hellephants
  5 liches
  10 tainted leviathans
  4 deep elf blademasters (Elf:3)
  26 titans
  23 Hell Sentinels
  2 deep elf master archers (Elf:3)
  5 quicksilver dragons
  13 acid blobs
  17 searing wretches
  8 sphinxes
  26 Executioners
  5 death cobs
  5 tentacled starspawn (Abyss:4)
  A thorn hunter (Swamp:1)
  7 shadow dragons
  46 ancient champions
  Gastronok (D:10)
  6 draconian monks
  A nagaraja (Snake:4)
  14 storm dragons
  10 azure jellies
  6 tengu reavers
  A revenant (Tomb:1)
  18 narguns
  Kirke (D:14)
  15 fire giants
  2 fenstrider witches
  2 rockslimes (Slime:5)
  11 demonspawn warmongers (Pan)
  8 deep elf sorcerers
  3 draconian knights
  9 quicksilver elementals
  17 vault wardens
  A spectral juggernaut (Tar:7)
  Aizul (Vaults:4)
  13 frost giants
  8 draconian scorchers
  46 balrugs
  6 curse skulls
  11 shard shrike simulacra
  An iron dragon (Dis:7)
  4 angels
  2 caustic shrike zombies (Crypt:3)
  A spectral caustic shrike (Tar:1)
  2 draconian shifters
  7 ghouls
  A ghost moth (Zot:5)
  5 deep elf elementalists (Elf:3)
  7 cacodemons
  4 spriggan defenders
  4 demonspawn blood saints (Pan)
  2 draconian stormcallers
  8 quicksilver oozes
  An orc warlord (Vaults:1)
  9 draconian annihilators
  6 demonspawn corrupters (Pan)
  15 reapers
  29 very ugly things
  3 juggernaut zombies
  2 juggernaut skeletons
  6 vampire knights
  9 ironbound thunderhulks
  26 war gargoyles
  6 formless jellyfish
  The ghost of Cujoq the Bludgeoner, a journeyman MiFi of Nemelex Xobeh (D:14)
  21 elemental wellsprings
  The ghost of Yrpheg the Severer, a journeyman HOBe of Trog (Snake:2)
  12 ironbound preservers
  9 bennus
  5 black draconians
  15 stone giants
  Nessos (Lair:4)
  8 lorocyprocas
  9 green draconians
  10 putrid mouths
  5 deep elf demonologists
  Azrael (Elf:1)
  14 dire elephants
  3 eleionomae (Swamp:4)
  8 deep elf annihilators
  A spark wasp (Depths:2)
  8 purple draconians
  15 wendigos
  3 bunyips
  4 red draconians
  7 yellow draconians
  2 spectral titans
  9 demonspawn black suns (Pan)
  A merfolk javelineer (D:14)
  23 blizzard demons
  12 eidola
  7 white draconians
  A spectral quicksilver dragon (Tar:1)
  11 ettins
  3 deep elf death magi
  13 iron golems
  7 green deaths (Pan)
  Josephine (Orc:2)
  10 jiangshi
  6 fire dragons
  4 deep elf high priests
  A kraken zombie (Hell)
  A shambling mangrove (Swamp:1)
  9 great orbs of eyes
  12 yaktaur captains
  31 mummy priests
  2 entropy weavers
  17 ice dragons
  5 rakshasas
  5 caustic shrike simulacra
  5 hell beasts
  6 spriggan air magi
  17 salamander tyrants
  42 vault guards
  A peacekeeper (Vaults:4)
  4 ghost crabs
  11 juggernaut simulacra
  9 centaur warriors
  17 anacondas
  11 hydras
  A fenstrider witch skeleton (Pan)
  2 ogre magi (Vaults:5)
  10 ironbound frosthearts
  5 stokers
  7 two-headed ogres
  15 alligators
  The ghost of Jaike the Cleaver, a novice HOFi of the Shining One (D:9)
  9 tengu warriors
  2 thrashing horrors (Abyss:4)
  4 vampire magi
  19 naga warriors
  6 boulder beetles
  60 death scarabs
  5 deep troll earth magi
  3 death yaks (Lair:4)
  45 hell hogs
  37 dancing weapons
  12 demonic crawlers
  12 shock serpents
  A titan zombie (Hell)
  13 naga sharpshooters
  85 sun demons
  14 deep elf knights
  11 spriggan berserkers
  7 hell knights
  10 crystal echidnas
  3 titan skeletons
  6 orc high priests
  3 wretched stars
  26 soul eaters
  3 iron trolls
  17 shadow wraiths
  2 spectral anacondas
  16 sixfirhies
  40 skeletal warriors
  5 skysharks
  A glowing orange brain (shapeshifter) (Depths:4)
  3 salamander mystics
  3 sea snakes
  3 bunyip zombies
  5 flayed ghosts
  5 goliath frogs
  2 quicksilver dragon simulacra
  A spectral bunyip (Tar:2)
  18 deep trolls
  8 swamp dragons
  A golden dragon zombie (D:15)
  5 shadow demons
  5 spriggan simulacra
  A bunyip skeleton (Pan)
  An anaconda zombie (Crypt:3)
  5 bog bodies
  An obsidian statue (Zot:2)
  4 orange crystal statues
  6 glowing orange brains
  2 spriggan druids (Swamp:1)
  22 ironbound convokers
  12 deep elf archers
  A golden dragon skeleton (Crypt:3)
  7 naga ritualists
  9 wizards
  11 phantasmal warriors
  A tengu zombie (Crypt:1)
  3 lindwurms
  4 harpies (Vaults:1)
  12 mana vipers
  37 deep elf pyromancers
  9 orc knights
  An iron dragon zombie (Abyss:2)
  11 necromancers
  32 deep elf zephyrmancers
  An anaconda skeleton (Pan)
  A spectral ettin (Tar:5)
  8 cyclopes
  3 orc sorcerers
  3 shining eyes
  A moth of wrath (shapeshifter) (D:14)
  An oklob plant (Lair:4)
  A manticore (shapeshifter) (Abyss:4)
  3 will-o-the-wisps (Swamp:3)
  2 draconians (Abyss:4)
  A manticore (D:15)
  23 salamanders
  29 ugly things
  8 elephants (Lair:4)
  A guardian serpent (Snake:3)
  36 black mambas
  30 moths of wrath
  A dire elephant zombie (Crypt:3)
  A centaur zombie (Crypt:3)
  19 vault sentinels
  A spectral alligator snapping turtle (Tar:2)
  23 starcursed masses
  4 rust devils
  10 titan simulacra
  10 fire giant skeletons (Crypt:3)
  4 eyes of devastation (Slime:5)
  12 molten gargoyles
  50 smoke demons
  7 ice statues
  10 naga magi
  2 human zombies
  A torpor snail (Lair:2)
  7 cane toads
  8 gargoyles
  A naga skeleton (Tomb:1)
  23 orange demons
  A minotaur zombie (Tomb:3)
  23 hellions
  31 yaktaurs
  2 anaconda simulacra
  19 rime drakes (IceCv)
  A sea snake zombie (Hell)
  A yaktaur (shapeshifter) (D:14)
  4 unseen horrors
  22 tormentors
  Maggie (D:8)
  23 guardian mummies
  12 komodo dragons
  A tengu conjurer (D:14)
  A silent spectre (Tar:4)
  8 ice devils
  A kobold demonologist (D:8)
  3 ancient zymes
  A golden dragon simulacrum (Coc:4)
  2 iron giant simulacra
  A yaktaur skeleton (Vaults:2)
  4 spectral nagas
  8 freezing wraiths
  14 efreet
  An alligator snapping turtle skeleton (Pan)
  5 spectral harpies
  21 polar bears
  8 trolls
  8 red devils
  4 hydra zombies
  A harpy zombie (Crypt:3)
  8 tyrant leeches
  Grinder (D:3)
  7 hornets
  A bloated husk (Swamp:4)
  3 harpy skeletons
  23 hellwings
  A tarantella (shapeshifter) (D:15)
  2 raiju
  2 ettin zombies
  13 blink frogs
  2 iron dragon simulacra
  9 dream sheep
  A tarantella (Vaults:2)
  A hydra skeleton (Hell)
  A human simulacrum (Vaults:2)
  4 spriggan zombies
  60 slime creatures
  2 stone giant simulacra
  A jumping spider (shapeshifter) (Vaults:4)
  3 shadows (Crypt:3)
  3 air elementals
  6 fire dragon skeletons (Crypt:3)
  48 large abominations
  53 yaks
  2 centaur simulacra
  A spectral black mamba (Tar:2)
  3 spriggan skeletons
  9 wraiths
  3 spriggans
  5 water elementals
  5 wyverns
  An ettin skeleton (Hell)
  5 dire elephant simulacra
  17 fire elementals
  3 vampires
  11 ushabtiu
  3 basilisks
  A black mamba skeleton (Crypt:1)
  31 ynoxinuls
  5 steam dragons
  3 hogs (D:14)
  15 chaos spawn
  2 neqoxecs
  3 redbacks (Vaults:2)
  16 vampire mosquitoes
  6 wargs
  3 swamp worm simulacra (Swamp:4)
  18 swamp worms
  9 harpy simulacra
  8 small abominations
  18 water moccasins
  A deep troll zombie (Crypt:1)
  40 nagas
  A glowing shapeshifter zombie (Vaults:2)
  A two-headed ogre skeleton (Hell)
  22 hydra simulacra
  A floating eye (Slime:5)
  8 acid dragons
  12 hell hounds
  2 human skeletons
  A tengu skeleton (D:15)
  44 orc warriors
  4 swamp drakes (Lair:5)
  A black bear (Lair:4)
  3 sky beasts
  5 boggarts (Vaults:3)
  6 ettin simulacra
  6 ogres
  13 centaurs
  8 wolves (Lair:2)
  A phantom (D:4)
  5 kobold brigands
  13 bullfrogs
  4 naga simulacra
  A gnoll sergeant (D:8)
  2 necrophages (Crypt:1)
  An earth elemental (Elf:3)
  12 wights
  A hornet simulacrum (D:15)
  24 killer bees
  6 howler monkeys
  7 electric eels
  A jelly (D:6)
  3 crimson imps (Depths:1)
  3 hounds
  2 iron imps (Abyss:2)
  2 gnoll boudas
  24 orc priests
  6 iguanas
  40 orc wizards
  29 mummies
  Robin (D:3)
  18 gnolls
  A howler monkey skeleton (Crypt:2)
  4 adders
  6 river rats
  3 white imps
  5 swamp drake simulacra (Swamp:4)
  3 ufetubi
  A worm (D:3)
  3 dart slugs
  111 orcs
  9 ball pythons
  8 bats
  5 endoplasms
  10 giant cockroaches
  14 goblins
  10 hobgoblins
  3 jackals
  4 quokkas
  5 frilled lizards
  11 kobolds
  5 rats (Sewer)
  4 ball lightnings (Pan)
  2 creeping infernos
  11 fire vortices
  A starspawn tentacle (Abyss:4)
  4 tentacles (Hell)
3741 creatures vanquished.

Vanquished Creatures (collateral kills)
  7 dread liches
  Khufu (Tomb:3)
  3 ancient liches
  An orb of fire (Zot:5)
  12 royal mummies
  A juggernaut (Dis:7)
  Sojobo (Depths:2)
  Parghit (Depths:4)
  3 Killer Klowns
  Jory (Vaults:3)
  Nikola (Vaults:3)
  2 golden dragons
  A profane servitor (Pan)
  A pandemonium lord (Pan)
  4 bone dragons (Tar:7)
  2 hellephants
  2 Tzitzimimeh (Pan)
  2 doom hounds (Tar:7)
  A Brimstone Fiend (Pan)
  2 iron giants (Dis:7)
  A Hell Sentinel (Dis:7)
  7 tentacled monstrosities
  7 tainted leviathans
  2 Ice Fiends (Coc:7)
  4 Orb Guardians (Zot:5)
  A lich (Tomb:1)
  A deep elf master archer (Elf:3)
  2 quicksilver dragons
  3 titans
  2 searing wretches
  A tentacled starspawn (Abyss:2)
  2 Executioners (Pan)
  5 sphinxes (Tomb:1)
  2 acid blobs (Slime:5)
  3 ancient champions
  2 death cobs
  4 shadow dragons
  3 tengu reavers
  4 storm dragons
  A revenant (Tomb:1)
  3 nagarajas (Snake:4)
  A daeva (Abyss:4)
  6 fire giants
  A nargun (Coc:7)
  2 draconian monks
  2 quicksilver elementals
  A deep elf sorcerer (Elf:2)
  4 frost giants
  7 vault wardens
  A ghost moth (Zot:4)
  6 balrugs
  A draconian knight (Zot:4)
  A draconian shifter (Zot:2)
  3 draconian annihilators (Pan)
  A deep elf elementalist (Elf:3)
  5 reapers
  An angel (Zot:1)
  A juggernaut zombie (Crypt:3)
  11 cacodemons
  2 ghouls
  4 ironbound preservers
  4 war gargoyles
  8 very ugly things
  A caustic shrike skeleton (Pan)
  2 stone giants
  An ironbound thunderhulk (Vaults:1)
  2 lorocyprocas (Pan)
  2 green draconians
  3 deep elf demonologists
  3 bennus
  A demonspawn black sun (Pan)
  A deep elf annihilator (Pan)
  A putrid mouth (Tar:7)
  5 black draconians
  2 elemental wellsprings
  A dire elephant (Vaults:3)
  A white draconian (Zot:1)
  A wendigo (Coc:4)
  A bunyip (Zot:5)
  2 purple draconians (Zot:4)
  An iron golem (Hell)
  5 eidola
  A green death (Pan)
  A deep elf death mage (Crypt:1)
  A crystal guardian (Hell)
  A blizzard demon (Hell)
  3 mummy priests
  2 ettins
  An entropy weaver (Vaults:2)
  A spectral golden dragon (Tar:6)
  3 jiangshi
  A fire dragon (Depths:4)
  3 yaktaur captains (Vaults:5)
  3 great orbs of eyes
  2 ice dragons (Depths:4)
  A hell beast (Pan)
  2 salamander tyrants
  3 vault guards
  2 spriggan air magi
  A fenstrider witch skeleton (Tomb:1)
  A stoker (Geh:6)
  A quicksilver dragon skeleton (Crypt:3)
  4 dancing weapons (Elf:2)
  An azure jelly zombie (Crypt:2)
  An ironbound frostheart (Vaults:3)
  A deep troll shaman (Depths:4)
  3 hell hogs
  6 death scarabs
  2 naga warriors (Snake:4)
  A spectral dire elephant (Tar:6)
  3 demonic crawlers (Pan)
  A thrashing horror (Abyss:4)
  A shock serpent (Snake:3)
  7 sun demons
  A spriggan berserker (Depths:3)
  2 vampire magi
  A naga sharpshooter (Snake:3)
  A titan zombie (Crypt:3)
  12 soul eaters
  2 deep elf knights
  2 hell knights (Depths:4)
  An iron troll (Hell)
  9 skeletal warriors
  A wretched star (Abyss:2)
  4 shadow wraiths
  8 sixfirhies (Pan)
  A salamander mystic (Snake:4)
  A deep troll (Vaults:3)
  2 deep elf archers (Elf:3)
  3 shadow demons
  A flayed ghost (Crypt:2)
  An orb spider (shapeshifter) (Vaults:5)
  4 ironbound convokers
  A wizard (Vaults:1)
  2 spriggan simulacra
  4 phantasmal warriors
  3 oklob plants (Lair:4)
  3 necromancers
  2 deep elf zephyrmancers (Elf:2)
  6 ugly things
  2 draconians (Abyss:4)
  2 shining eyes
  3 moths of wrath
  2 dire elephant zombies
  16 large abominations
  4 salamanders
  7 vault sentinels
  A human skeleton (Hell)
  8 orange demons
  A titan simulacrum (Crypt:1)
  A rust devil (Pan)
  A naga mage (Snake:4)
  A stone giant skeleton (Pan)
  A centaur skeleton (Crypt:3)
  2 orc skeletons
  15 smoke demons
  2 molten gargoyles
  2 naga skeletons
  A storm dragon simulacrum (Abyss:2)
  An orb spider zombie (Crypt:1)
  5 hellions
  4 freezing wraiths
  A sea snake zombie (Crypt:1)
  2 tormentors
  5 ice devils
  An iron giant simulacrum (Coc:4)
  3 yaktaurs (Vaults:5)
  21 guardian mummies
  A harpy zombie (Hell)
  2 hydra zombies (Hell)
  A meliai (shapeshifter) (Vaults:5)
  A hornet (shapeshifter) (Vaults:5)
  6 hellwings (Pan)
  A shadow dragon simulacrum (Hell)
  A tarantella (shapeshifter) (Zot:1)
  A mana viper skeleton (Crypt:1)
  An ettin skeleton (Crypt:1)
  10 flying skulls
  A ynoxinul (Pan)
  A slime creature (Vaults:1)
  2 ushabtiu
  A vampire (Crypt:3)
  4 wraiths
  2 yaks (Lair:3)
  5 golden eyes
  18 neqoxecs
  5 starcursed masses (Abyss:4)
  15 chaos spawn
  A naga zombie (Tomb:1)
  A harpy simulacrum (Coc:3)
  5 nagas
  A warg (Snake:4)
  A deep troll zombie (Crypt:2)
  A hell hound (Hell)
  4 orc warriors
  A dream sheep zombie (Crypt:2)
  An ettin simulacrum (Coc:4)
  A blink frog skeleton (Crypt:1)
  A lindwurm skeleton (Crypt:1)
  A swamp dragon skeleton (Crypt:2)
  A komodo dragon zombie (Crypt:1)
  A necrophage (Crypt:2)
  A human zombie (Crypt:1)
  An orc priest (Orc:2)
  A black bear skeleton (Crypt:2)
  An orc wizard (Orc:2)
  14 mummies
  An adder zombie (Crypt:1)
  A jelly zombie (Crypt:1)
  An orc (Elf:2)
  8 fire vortices
  A foxfire (Lair:4)
  A spectral weapon (Zot:5)
  2 starspawn tentacles
609 creatures vanquished.

Vanquished Creatures (others)
  A royal mummy (Tomb:1)
  An Ice Fiend (Coc:5)
  An eldritch tentacle (Depths:1)
  A fire giant (Geh:6)
  A shard shrike simulacrum (Coc:7)
  An elemental wellspring (Coc:5)
  A white draconian (Zot:3)
  A bunyip (Swamp:4)
  2 caustic shrike simulacra
  A stoker (Geh:7)
  A juggernaut simulacrum (Coc:7)
  A hell hog (Geh:1)
  A deep elf knight (Elf:3)
  3 deep elf pyromancers (Elf:1)
  2 deep elf zephyrmancers
  A titan simulacrum (Coc:3)
  2 ice statues (Pan)
  An iron giant simulacrum (Coc:7)
  A human (D:14)
  A hydra simulacrum (Coc:7)
  An orc priest (Orc:1)
  An orc (Orc:1)
  7 ball lightnings (Pan)
  A creeping inferno (Geh:6)
  3 fire vortices
  32 foxfires
  13 starspawn tentacles
  2 tentacles (Hell)
85 creatures vanquished.

Grand Total: 4435 creatures vanquished

Notes
Turn   | Place    | Note
-------+----------+-------------------------------------------
     0 | D:1      | vvokhom the Gargoyle Cinder Acolyte began the quest for the
                  | Orb.
     0 | D:1      | Reached XP level 1. HP: 14/14 MP: 2/2
   145 | D:1      | Reached XP level 2. HP: 19/19 MP: 3/3
   731 | D:2      | Found a faded altar of an unknown god.
   777 | D:2      | Reached skill level 1 in Shields
   777 | D:2      | Reached XP level 3. HP: 24/24 MP: 4/4
  1101 | D:2      | You fall into a shaft and drop 1 floor!
  1116 | D:3      | Noticed Robin
  1125 | D:3      | Killed Robin
  1130 | D:3      | Reached XP level 4. HP: 23/29 MP: 5/5
  1293 | D:3      | Found a snail-covered altar of Cheibriados.
  1344 | D:3      | Found a glowing drain.
  1479 | Sewer    | Entered a sewer
  1655 | Sewer    | Noticed a kobold brigand
  1760 | Sewer    | Killed a kobold brigand
  1761 | Sewer    | Reached XP level 5. HP: 32/34 MP: 6/6
  1838 | Sewer    | Found a white marble altar of Elyvilon.
  1939 | D:3      | Found a burning altar of Makhleb.
  2176 | D:3      | Noticed Grinder
  2190 | D:3      | Killed Grinder
  2191 | D:3      | Reached skill level 5 in Fighting
  2191 | D:3      | Reached XP level 6. HP: 40/40 MP: 7/7
  2784 | D:4      | Reached skill level 5 in Shields
  2784 | D:4      | Reached XP level 7. HP: 32/44 MP: 8/8
  3067 | D:4      | Found Rankuf's Antique Armour Emporium.
  3075 | D:4      | Bought a pair of glowing gloves for 202 gold pieces
  3120 | D:4      | Found a shadowy altar of Dithmenos.
  3279 | D:4      | Reached skill level 5 in Maces & Flails
  3279 | D:4      | Reached skill level 1 in Armour
  3806 | D:5      | Entered Level 5 of the Dungeon
  3810 | D:5      | Found a shimmering blue altar of Sif Muna.
  3814 | D:5      | Found a basalt altar of Yredelemnul.
  4420 | D:6      | Reached XP level 8. HP: 51/51 MP: 9/9
  4447 | D:6      | Found a staircase to the Ecumenical Temple.
  4729 | D:6      | Found a sacrificial altar of Ru.
  4843 | D:6      | Reached XP level 9. HP: 57/57 MP: 10/10
  5113 | D:6      | Found a bloodstained altar of Trog.
  5241 | D:6      | Found a hide-covered altar of Uskayaw.
  6332 | D:7      | Killed an unseen horror
  6492 | D:7      | Found a shimmering altar of Xom.
  6919 | D:8      | Reached XP level 10. HP: 54/66 MP: 11/11
  7038 | D:8      | Reached skill level 5 in Armour
  7393 | D:8      | Reached skill level 10 in Fighting
  7414 | D:8      | Found a runed translucent door.
  7420 | D:8      | Found a runed translucent door.
  7420 | D:8      | Noticed a deep elf pyromancer
  7432 | D:8      | Noticed a two-headed ogre
  7437 | D:8      | Killed a two-headed ogre
  7723 | D:8      | Reached skill level 10 in Maces & Flails
  7780 | D:8      | Reached XP level 11. HP: 74/74 MP: 12/12
  7787 | D:8      | Identified the +7 broad axe of Qehez {flame, rPois rF+}
  7796 | D:8      | Noticed a two-headed ogre
  7797 | D:8      | Identified the +5 falchion of the Key {flame, rElec}
  7797 | D:8      | Noticed a centaur warrior
  7801 | D:8      | Noticed Maggie
  7805 | D:8      | Killed a centaur warrior
  7810 | D:8      | Identified the ring of Salla Kusyts {rPois rF+ Str+6}
  7810 | D:8      | Noticed a deep elf pyromancer
  7813 | D:8      | Killed a two-headed ogre
  7821 | D:8      | Killed Maggie
  7834 | D:8      | Killed a deep elf pyromancer
  7854 | D:8      | Noticed a cyclops
  7865 | D:8      | Killed a cyclops
  7895 | D:8      | Identified the ring "Nyucogogh" {Fly rElec rC+ Dex-5
                  | Stlth+}
  8363 | D:8      | Found a glowing silver altar of Zin.
  8604 | D:8      | Killed a deep elf pyromancer
  8698 | D:9      | Found a transporter.
  8704 | D:9      | Noticed Jaike's ghost (novice HOFi)
  8712 | D:9      | Noticed a cyclops
  9169 | D:9      | Found a transporter.
  9465 | D:10     | Entered Level 10 of the Dungeon
  9533 | D:10     | Reached XP level 12. HP: 65/82 MP: 13/13
  9568 | D:10     | Found a white marble altar of Elyvilon.
 10044 | D:10     | Found a staircase to the Orcish Mines.
 10106 | D:10     | Noticed Gastronok
 10122 | D:10     | Killed Gastronok
 10139 | D:10     | Found a stormy altar of Qazlal.
 10147 | D:10     | Found a blossoming altar of Fedhas.
 10365 | D:11     | Noticed a two-headed ogre
 10377 | D:11     | Killed a two-headed ogre
 10526 | D:11     | Reached skill level 10 in Shields
 10532 | D:11     | Noticed a two-headed ogre
 10540 | D:11     | Killed a two-headed ogre
 10548 | D:11     | Found a staircase to the Lair.
 10904 | Lair:1   | Entered Level 1 of the Lair of Beasts
 11072 | D:4      | Bought a glowing cloak for 202 gold pieces
 12295 | Lair:2   | Reached XP level 13. HP: 88/88 MP: 14/14
 12411 | Lair:2   | Noticed a fire dragon
 12435 | Lair:2   | Killed a fire dragon
 13198 | Lair:3   | Noticed Rupert
 13230 | Lair:3   | Killed Rupert
 13231 | Lair:3   | Reached skill level 1 in Throwing
 13770 | Lair:3   | Found a staircase to the Snake Pit.
 13849 | Lair:3   | Found a staircase to the Swamp.
 14757 | Lair:4   | Reached skill level 1 in Evocations
 14757 | Lair:4   | Gained mutation: Your large and strong wings let you fly.
                  | [Gargoyle growth]
 14757 | Lair:4   | Reached XP level 14. HP: 83/96 MP: 15/15
 15415 | Lair:4   | Found a viscous altar of Jiyva.
 15453 | Lair:4   | Found a staircase to the Slime Pits.
 15585 | Lair:5   | Entered Level 5 of the Lair of Beasts
 15589 | Lair:5   | Noticed Nessos
 15600 | Lair:4   | Killed Nessos
 16094 | Lair:5   | Reached skill level 15 in Fighting
 17076 | D:12     | Reached skill level 15 in Shields
 17199 | D:12     | Identified the +3 sling of Lies {elec, rC+ rCorr Dex+3}
 18066 | D:13     | Noticed an ironbound preserver
 18067 | D:13     | Found a gate to the Vaults.
 18079 | D:13     | Reached XP level 15. HP: 103/103 MP: 16/16
 18729 | D:14     | Noticed Jorgrun
 18729 | D:14     | Found a frozen archway.
 18739 | D:14     | Killed Jorgrun
 18774 | IceCv    | Entered an ice cave
 19163 | IceCv    | Found the +3 pair of mountain boots {steadfast, rC+}
 19273 | IceCv    | Noticed a frost giant
 19292 | IceCv    | Killed a frost giant
 19293 | IceCv    | Reached skill level 15 in Maces & Flails
 19302 | IceCv    | Noticed a frost giant
 19341 | IceCv    | Killed a frost giant
 19921 | D:14     | Found a runed translucent gate.
 19922 | D:14     | Found a runed translucent gate.
 19922 | D:14     | Found a runed translucent gate.
 19926 | D:14     | Noticed Cujoq's ghost (journeyman MiFi)
 19954 | D:14     | Identified the +0 leather armour "Tuh Vuh" {rN+ Regen+
                  | Str-5}
 19957 | D:14     | Found an iron altar of Okawaru.
 20037 | D:14     | Reached XP level 16. HP: 112/112 MP: 17/17
 20063 | D:14     | Noticed Kirke
 20077 | D:14     | Killed Kirke
 20444 | D:15     | Entered Level 15 of the Dungeon
 20558 | D:15     | Gained mutation: You are clumsy. (Dex -2) [a neqoxec]
 20706 | D:15     | Found a staircase to the Depths.
 20713 | D:15     | Reached skill level 5 in Throwing
 21922 | Depths:1 | Entered Level 1 of the Depths
 22005 | Depths:1 | Noticed Joepramp's ghost (veteran DjFE)
 22005 | Depths:1 | Noticed a tengu reaver
 22041 | Depths:1 | Found a gateway to Hell.
 22433 | Orc:1    | Entered Level 1 of the Orcish Mines
 22540 | Orc:2    | Entered Level 2 of the Orcish Mines
 22585 | Orc:2    | Found a staircase to the Elven Halls.
 22876 | Orc:2    | Found a radiant altar of Vehumet.
 22965 | Orc:1    | Found Ehix's Weapon Shoppe.
 23464 | Orc:1    | Noticed Josephine
 23780 | Orc:2    | Killed Josephine
 23849 | Orc:2    | Found Eschuci Qaff's General Store.
 23849 | Orc:2    | Found Xasiyhy's General Store.
 23850 | Orc:2    | Found Senynoale's Weapon Shop.
 23854 | Orc:2    | Found Wasygresk's Weapon Boutique.
 23860 | Orc:2    | Bought a scroll of identify for 30 gold pieces
 24520 | Temple   | Entered the Ecumenical Temple
 24671 | Temple   | Fell from the grace of Ignis
 24671 | Temple   | Became a worshipper of the Shining One
 24933 | Snake:1  | Entered Level 1 of the Snake Pit
 24965 | Snake:1  | Reached XP level 17. HP: 119/119 MP: 18/18
 25228 | Snake:1  | Paralysed by a naga for 3 turns
 25283 | Lair:3   | Upgraded the game from 0.31-a0-182-gc5ef74bbde to
                  | 0.31-a0-200-gbc41564c69
 25545 | Swamp:1  | Entered Level 1 of the Swamp
 25676 | Swamp:1  | Reached * piety under the Shining One
 26206 | Swamp:1  | Reached skill level 1 in Axes
 26930 | Swamp:2  | Reached ** piety under the Shining One
 26941 | Swamp:2  | Identified the +0 pair of gloves "Kyiro" {rElec rC+ Slay+3}
 27596 | D:4      | Bought a shiny crystal plate armour for 2241 gold pieces
 28613 | Swamp:3  | Noticed a tentacled monstrosity
 28619 | Swamp:3  | Killed a tentacled monstrosity
 28696 | Swamp:3  | Was forgiven by Ignis
 28939 | Swamp:3  | Identified the +1 robe of the Salmon {rF+ Str-2 Int-5
                  | Dex+3}
 29482 | Swamp:4  | Entered Level 4 of the Swamp
 29611 | Swamp:4  | Reached *** piety under the Shining One
 29617 | Swamp:4  | Reached skill level 1 in Invocations
 29682 | Swamp:4  | Reached **** piety under the Shining One
 29683 | Swamp:4  | Reached XP level 18. HP: 110/128 MP: 19/19
 29691 | Swamp:4  | Reached skill level 10 in Armour
 30223 | Swamp:4  | Reached ***** piety under the Shining One
 30272 | Swamp:4  | Got a decaying rune of Zot
 30896 | Depths:1 | Found a runed translucent gate.
 30908 | Depths:1 | Found a runed translucent gate.
 30908 | Depths:1 | Found a runed translucent gate.
 31178 | Depths:1 | Found a one-way gate leading to the halls of Pandemonium.
 31551 | Depths:1 | Found a glowing silver altar of Zin.
 31685 | Depths:2 | Found a one-way gate to the infinite horrors of the Abyss.
 32058 | Depths:2 | Reached skill level 5 in Invocations
 32241 | Depths:2 | Reached skill level 10 in Throwing
 32486 | Elf:1    | Entered Level 1 of the Elven Halls
 32505 | Elf:1    | Found a radiant altar of Vehumet.
 32917 | Elf:1    | Noticed Azrael
 32932 | Elf:1    | Reached ****** piety under the Shining One
 32937 | Elf:1    | Killed Azrael
 32948 | Elf:1    | Identified a +3 sacred scourge of holy wrath (a +1 demon
                  | whip blessed by the Shining One)
 32948 | Elf:1    | Received a gift from the Shining One
 33362 | Elf:1    | Got Voorphacw's Collected Works on Creative Blows
 33899 | Elf:1    | Reached XP level 19. HP: 132/132 MP: 25/25
 34170 | Elf:2    | Found a flickering gateway to a bazaar.
 34216 | Bazaar   | Entered a bazaar
 34216 | Bazaar   | Found Xoesap Qexi's Jewellery Shoppe.
 34216 | Bazaar   | Found Tydum's General Store.
 34238 | Bazaar   | Found Vunko's Antique Weapon Boutique.
 34258 | Bazaar   | Found Emmakas's Antique Armour Emporium.
 34269 | Bazaar   | Found Galic's Magic Scroll Boutique.
 34300 | Bazaar   | Bought a scroll of enchant armour for 112 gold pieces
 34322 | Bazaar   | Bought a pair of runed gloves for 135 gold pieces
 34403 | Bazaar   | Bought a scroll of brand weapon for 104 gold pieces
 34549 | Elf:2    | Found a runed translucent gate.
 34549 | Elf:2    | Found a runed translucent gate.
 34549 | Elf:2    | Found a runed translucent gate.
 34658 | Elf:2    | Reached skill level 10 in Invocations
 35039 | Elf:2    | Reached skill level 5 in Evocations
 35629 | Elf:3    | Entered Level 3 of the Elven Halls
 35829 | Vaults:1 | Entered Level 1 of the Vaults
 35867 | Vaults:1 | Reached skill level 1 in Dodging
 35925 | Vaults:1 | Found Ykhleore's Distillery.
 37515 | Vaults:2 | Reached XP level 20. HP: 139/139 MP: 27/27
 37989 | Vaults:2 | Got the Discursus on Convocation and Obstruction
 38598 | Vaults:2 | Identified the +0 plate armour of Immorality {Fly rPois
                  | Dex+3}
 38688 | Vaults:2 | Found Veuritim's Weapon Shoppe.
 38720 | Vaults:2 | Bought a +0 eveningstar for 210 gold pieces
 39204 | Vaults:2 | Found a staircase to the Crypt.
 39531 | Abyss:2  | Cast into level 2 of the Abyss (a deep elf demonologist)
 39779 | Abyss:2  | Found a corrupted altar of Lugonu.
 39872 | Abyss:2  | Found a corrupted altar of Lugonu.
 39889 | Abyss:2  | Found a corrupted altar of Lugonu.
 39889 | Abyss:2  | Found a corrupted altar of Lugonu.
 39961 | Vaults:3 | Escaped the Abyss
 40091 | Vaults:3 | Reached skill level 15 in Armour
 40370 | Vaults:3 | Noticed Jory
 40381 | Vaults:3 | Killed Jory
 41010 | Crypt:1  | Entered Level 1 of the Crypt
 41187 | Crypt:1  | Reached XP level 21. HP: 146/146 MP: 29/29
 41264 | Crypt:1  | Found a runed translucent door.
 41265 | Crypt:1  | Noticed an ancient lich
 41275 | Crypt:1  | Killed an ancient lich
 41536 | Crypt:1  | Found a basalt altar of Yredelemnul.
 42004 | Vaults:3 | Found Jeimeti's Jewellery Shoppe.
 42257 | Vaults:3 | Noticed Nikola
 42277 | Vaults:3 | Killed Nikola
 42549 | Vaults:3 | Noticed a golden dragon
 42559 | Vaults:3 | Killed a golden dragon
 43584 | Snake:1  | Found Zesof's Weapon Shoppe.
 44278 | Snake:2  | Identified the +6 dagger of Hyczar {vamp, rN+}
 44296 | Snake:2  | Noticed Yrpheg's ghost (journeyman HOBe)
 44303 | Snake:2  | Found a bloodstained altar of Trog.
 44311 | Snake:2  | Found a transporter.
 44314 | Snake:2  | Found a transporter.
 45081 | Snake:3  | Reached XP level 22. HP: 156/156 MP: 31/31
 45433 | Snake:4  | Entered Level 4 of the Snake Pit
 45433 | Snake:4  | Noticed Saint Roka
 45743 | Snake:4  | Killed Saint Roka
 45900 | Snake:4  | Found a sparkling altar of Nemelex Xobeh.
 46399 | Snake:4  | Got a serpentine rune of Zot
 46781 | Snake:4  | Found Ostybiymai's Jewellery Shop.
 46781 | Snake:4  | Found Qulaopleci's Book Shoppe.
 46782 | Snake:4  | Found Veah's Jewellery Shop.
 46804 | Snake:4  | Bought a ring of see invisible for 195 gold pieces
 46807 | Snake:4  | Learned a level 2 spell: Wereblood
 47583 | Slime:1  | Entered Level 1 of the Pits of Slime
 47610 | Slime:1  | Reached skill level 1 in Transmutations
 47619 | Slime:1  | Gained mutation: Your magical capacity is low. (-10% MP) [a
                  | shining eye]
 47856 | Slime:2  | Gained mutation: You sometimes lose your temper in combat.
                  | [a shining eye]
 47902 | Slime:2  | Lost mutation: You sometimes lose your temper in combat.
                  | [potion of mutation]
 47902 | Slime:2  | Lost mutation: You are clumsy. (Dex -2) [potion of
                  | mutation]
 47902 | Slime:2  | Lost mutation: Your magical capacity is low. (-10% MP)
                  | [potion of mutation]
 47902 | Slime:2  | Gained mutation: You are dopey. (Int -2) [potion of
                  | mutation]
 47902 | Slime:2  | Gained mutation: You have very sharp teeth. [potion of
                  | mutation]
 47902 | Slime:2  | Gained mutation: You have large cloven feet. [potion of
                  | mutation]
 47902 | Slime:2  | Gained mutation: You are strong-willed. (Will+) [potion of
                  | mutation]
 48205 | Slime:5  | Entered Level 5 of the Pits of Slime
 48758 | Slime:5  | Found a viscous altar of Jiyva.
 48769 | Slime:5  | Noticed the Royal Jelly
 48799 | Slime:5  | Killed the Royal Jelly
 48800 | Slime:5  | Reached XP level 23. HP: 158/164 MP: 27/33
 48910 | Slime:5  | Reached skill level 5 in Transmutations
 49144 | Slime:5  | Got a slimy rune of Zot
 49146 | Slime:5  | Identified the +2 flail of Honour {antimagic, Fragile rF+
                  | rC+ Int+4}
 49207 | Slime:5  | Identified the +5 longbow "Wino Joxaq" {flame, +Blink rPois
                  | Dex-3}
 49251 | Slime:5  | Identified the +1 plate armour "Ixath" {Rampage rN+}
 49264 | Slime:5  | Identified the staff of Starshine {rN+ Earth}
 49290 | Slime:5  | Identified the +7 shortbow "Buwkue Oneka" {heavy, Str+5
                  | Dex-3}
 49938 | Elf:3    | Reached skill level 5 in Dodging
 50248 | Elf:3    | Identified the +6 trident "Iptaesuska" {pain, rN+ Dex+5}
 50303 | Elf:3    | Paralysed by an air elemental for 1 turns
 50320 | Elf:3    | Found the +2 Maxwell's thermic engine {flame, freeze, rev}
 50348 | Elf:3    | Identified the +9 rapier of the Big Fish {venom, rF+ rC+
                  | Str-5 Dex+3}
 50369 | Elf:3    | Identified the +6 halberd of the Magi {freeze, rPois
                  | Will+++ Str-3 Int-5}
 50372 | Elf:3    | Identified the +1 robe of Focus {rC+}
 50375 | Elf:3    | Identified the amulet of Qimpaep {Reflect Regen+ SH+5}
 50377 | Elf:3    | Identified the +1 dagger of Naitauw {elec, rF+ rN+ Will-
                  | Stlth+}
 50423 | Elf:3    | Identified the +3 buckler of Sosufrogg {Dex+4}
 50424 | Elf:3    | Identified the +5 bardiche of the Lonely Suns {heavy,
                  | Str+4}
 50503 | Elf:3    | Identified the +0 robe of Jesael {rElec}
 50967 | Elf:3    | Found an ancient bone altar of Kikubaaqudgha.
 51184 | Elf:3    | Found Reamit's Magic Scroll Boutique.
 51190 | Elf:3    | Bought a scroll of silence for 133 gold pieces
 51574 | D:9      | Killed Jaike's ghost
 51778 | D:14     | Killed Cujoq's ghost
 52336 | Snake:2  | Killed Yrpheg's ghost
 52686 | Depths:1 | Upgraded the game from 0.31-a0-200-gbc41564c69 to
                  | 0.31-a0-202-g547052bce9
 52686 | Depths:1 | Upgraded the game from 0.31-a0-202-g547052bce9 to
                  | 0.31-a0-207-g184df878d8
 52987 | Crypt:2  | Found a basalt altar of Yredelemnul.
 53123 | Crypt:2  | Noticed Mennas
 53139 | Crypt:2  | Killed Mennas
 53983 | Vaults:4 | Noticed Aizul
 53993 | Vaults:4 | Killed Aizul
 54009 | Vaults:4 | Found Xeblaec's Weapon Shoppe.
 54224 | Vaults:4 | Reached XP level 24. HP: 155/171 MP: 33/33
 55188 | Vaults:5 | Entered Level 5 of the Vaults
 55206 | Vaults:4 | Reached skill level 15 in Invocations
 55563 | Vaults:5 | Noticed a dread lich
 55582 | Vaults:5 | Killed a dread lich
 55686 | Vaults:5 | Noticed a dread lich
 55697 | Vaults:5 | Killed a dread lich
 56017 | Vaults:5 | Identified the +8 trident of the Crypt {flame, rElec Dex+2}
 56056 | Vaults:5 | Got the Guidebook on Helpful Immolation
 56283 | Vaults:5 | Reached XP level 25. HP: 141/176 MP: 36/36
 56354 | Vaults:5 | Found Ryziab's Assorted Antiques.
 56534 | Vaults:5 | Got Sif Muna's Vellum of Niveous Ceraunoscopy
 56896 | Vaults:5 | Identified the +0 shortbow "Toiryhun" {elec, rC+ Will+
                  | Str+3}
 56901 | Vaults:5 | Got a silver rune of Zot
 56978 | Vaults:5 | Got the Almanac of Creation and Metamorphosis
 57169 | Vaults:5 | Identified the staff of Virtue {rF+ rC+ Ice}
 57495 | Depths:2 | Voluntarily entered the Abyss.
 57537 | Abyss:2  | Found a corrupted altar of Lugonu.
 57555 | Depths:2 | Escaped the Abyss
 57585 | Depths:2 | Voluntarily entered the Abyss.
 57585 | Abyss:2  | Found a corrupted altar of Lugonu.
 57775 | Abyss:3  | Reached skill level 10 in Dodging
 57907 | Abyss:4  | Found a transporter.
 57924 | Abyss:4  | Paralysed by accursed screaming for 1 turns
 57931 | Abyss:4  | Paralysed by accursed screaming for 1 turns
 58029 | Abyss:4  | Got an abyssal rune of Zot
 58036 | Abyss:4  | Found a transporter.
 58064 | Depths:2 | Escaped the Abyss
 59018 | Depths:2 | Found a runed translucent gate.
 59019 | Depths:2 | Found a runed translucent gate.
 59019 | Depths:2 | Found a runed translucent gate.
 59019 | Depths:2 | Noticed Fopulom's ghost (veteran GrEE)
 59147 | Depths:2 | Noticed Sojobo
 59342 | Depths:1 | Identified the +3 tower shield of Claustrophobia {Fly rC-
                  | Stlth+}
 59357 | Depths:1 | Killed Joepramp's ghost
 59495 | Depths:1 | Identified the +3 helmet of the Sea {rElec rC- Slay+5}
 59510 | Depths:1 | Identified the ring of Abstinence {rElec rPois Will+ Dex+6}
 59526 | Depths:1 | Identified the staff "Ishrupnext" {Will- Int+4 Air Earth}
 59963 | Crypt:3  | Entered Level 3 of the Crypt
 60809 | Crypt:3  | Reached XP level 26. HP: 183/183 MP: 37/37
 60865 | Crypt:3  | Identified the ring of Xom's Flight of Fancy {*Slow rElec
                  | rN+ Str+3 Dex+4}
 61144 | Crypt:3  | Found an ancient bone altar of Kikubaaqudgha.
 61146 | Crypt:3  | Noticed a dread lich
 61157 | Crypt:3  | Killed a dread lich
 61182 | Crypt:3  | Identified the +1 chain mail of Kleptomania {+Inv}
 61188 | Crypt:3  | Identified the +6 leather armour of the Abyss {rN++ MP+9
                  | Int-4 Stlth+}
 61198 | Crypt:3  | Noticed an ancient lich
 61210 | Crypt:3  | Killed an ancient lich
 61371 | Crypt:3  | Found a staircase to the Tomb.
 61478 | Crypt:3  | Identified the amulet "Dudoh" {Regen+ Int+2}
 61478 | Crypt:3  | Identified the ring of Nasiotil {rN+ Will+ Int+5}
 61478 | Crypt:3  | Identified the ring "Linyam" {rC+ rN+ Str+2 Int+2}
 61636 | Crypt:3  | Identified the +8 flail of Regicide {venom, Str+6}
 61749 | Crypt:3  | Identified the staff of the Endless March {rPois rF+ rC+
                  | rN++ Dex-3 Ice}
 62060 | Vaults:1 | Bought a potion of berserk rage for 90 gold pieces
 62060 | Vaults:1 | Bought a potion of haste for 180 gold pieces
 62060 | Vaults:1 | Bought a potion of might for 72 gold pieces
 62060 | Vaults:1 | Bought a potion of enlightenment for 90 gold pieces
 62060 | Vaults:1 | Bought a potion of enlightenment for 90 gold pieces
 62223 | Vaults:5 | Bought a potion of haste for 390 gold pieces
 62223 | Vaults:5 | Bought a potion of heal wounds for 195 gold pieces
 63359 | Elf:2    | Learned a level 2 spell: Passwall
 63362 | Elf:2    | Learned a level 2 spell: Blink
 63366 | Elf:2    | Learned a level 3 spell: Swiftness
 63861 | Orc:2    | Bought a scroll of fear for 60 gold pieces
 63861 | Orc:2    | Bought a scroll of fog for 60 gold pieces
 63861 | Orc:2    | Bought a scroll of enchant weapon for 112 gold pieces
 64015 | Elf:3    | Bought a scroll of enchant armour for 105 gold pieces
 64015 | Elf:3    | Bought a scroll of teleportation for 42 gold pieces
 64015 | Elf:3    | Bought a scroll of teleportation for 42 gold pieces
 64708 | Pan      | Entered Pandemonium
 64790 | Depths:1 | Escaped Pandemonium
 65467 | Depths:3 | Identified the +1 chain mail "Wuxzoimm" {rN+ Regen+}
 65662 | Depths:3 | Identified the ring of the Summoning Fool {Will+ Stlth+}
 66618 | Depths:4 | Entered Level 4 of the Depths
 66629 | Depths:4 | Reached skill level 1 in Translocations
 66644 | Depths:4 | Noticed Parghit
 66782 | Depths:4 | Killed Parghit
 67183 | Depths:4 | Found a gate to the Realm of Zot.
 67455 | Depths:4 | Found a one-way gateway to a ziggurat.
 67666 | Zot:1    | Entered Level 1 of the Realm of Zot
 67725 | Zot:1    | Reached XP level 27. HP: 150/192 MP: 38/38
 68015 | Zot:1    | Found a shimmering altar of Xom.
 68053 | Zot:1    | Found a shimmering altar of Xom.
 68053 | Zot:1    | Found a shimmering altar of Xom.
 68053 | Zot:1    | Found a glowing silver altar of Zin.
 68755 | Zot:2    | Found a runed translucent gate.
 68755 | Zot:2    | Found a runed translucent gate.
 68755 | Zot:2    | Found a runed translucent gate.
 68757 | Zot:2    | Found an opulent altar of Gozag.
 68758 | Zot:2    | Noticed Raoceuw's ghost (master NaVM)
 68760 | Zot:2    | Found Big Uron's Assorted Antiques.
 69685 | Zot:3    | Identified the +7 flail of the Immovable Curses {spect,
                  | *Noise rN+ Str+2}
 70901 | Zot:4    | Identified a scroll of acquirement
 70929 | Zot:4    | Acquired the scarf of Dyspraxia {shadows, Rampage +Blink
                  | Int+3}
 71225 | Zot:5    | Entered Level 5 of the Realm of Zot
 71842 | Zot:5    | Noticed a dread lich
 71847 | Zot:5    | Killed a dread lich
 71849 | Zot:5    | Noticed a dread lich
 71852 | Zot:5    | Killed a dread lich
 72453 | Zot:5    | Noticed an orb of fire
 72478 | Zot:5    | Gained mutation: Your spells are a little easier to cast,
                  | but a little less powerful. [an orb of fire]
 72480 | Zot:5    | Gained mutation: You are weak. (Str -2) [an orb of fire]
 72481 | Zot:5    | Killed an orb of fire
 72510 | Zot:4    | Reached skill level 15 in Throwing
 72763 | Pan      | Entered Pandemonium
 73577 | Pan      | Noticed Haneil the pandemonium lord
 73585 | Pan      | Killed Haneil the pandemonium lord
 73593 | Pan      | Got a demonic rune of Zot
 73887 | Pan      | Noticed Ycumant the pandemonium lord
 73930 | Pan      | Killed Ycumant the pandemonium lord
 74346 | Depths:4 | Escaped Pandemonium
 74735 | Zot:5    | Noticed an orb of fire
 74747 | Zot:5    | Identified the +7 tower shield of Courage {Regen+ Int+5
                  | Slay-3}
 74756 | Zot:5    | Gained mutation: Potions are less effective at restoring
                  | your health. [an orb of fire]
 74757 | Zot:5    | Killed an orb of fire
 74801 | Zot:5    | Noticed a dread lich
 74813 | Zot:5    | Killed a dread lich
 74951 | Zot:5    | Noticed an ancient lich
 74967 | Zot:5    | Noticed an orb of fire
 74976 | Zot:5    | Gained mutation: You are occasionally teleported next to
                  | monsters. [an orb of fire]
 74980 | Zot:5    | Gained mutation: You occasionally lose the ability to read
                  | scrolls when taking damage. [an orb of fire]
 74993 | Zot:5    | Killed an orb of fire
 75015 | Zot:4    | Lost mutation: You occasionally lose the ability to read
                  | scrolls when taking damage. [potion of mutation]
 75015 | Zot:4    | Lost mutation: Potions are less effective at restoring your
                  | health. [potion of mutation]
 75015 | Zot:4    | Lost mutation: You are weak. (Str -2) [potion of mutation]
 75015 | Zot:4    | Gained mutation: You have hidden genetic potential. [potion
                  | of mutation]
 75015 | Zot:4    | Gained mutation: You possess an exceptional clarity of
                  | mind. [potion of mutation]
 75016 | Zot:4    | Lost mutation: You have large cloven feet. [potion of
                  | mutation]
 75016 | Zot:4    | Lost mutation: You are dopey. (Int -2) [potion of mutation]
 75016 | Zot:4    | Lost mutation: You are occasionally teleported next to
                  | monsters. [potion of mutation]
 75016 | Zot:4    | Gained mutation: You have sharp toenails. [potion of
                  | mutation]
 75062 | Zot:5    | Killed an ancient lich
 75895 | Pan      | Entered Pandemonium
 76481 | Pan      | Found a runed translucent door.
 76489 | Pan      | Found a runed translucent door.
 76491 | Pan      | Found a runed translucent door.
 76498 | Pan      | Found a runed translucent door.
 76513 | Pan      | Noticed Navvaw the pandemonium lord
 77327 | Pan      | Noticed Jaqerogi the pandemonium lord
 77331 | Pan      | Killed Jaqerogi the pandemonium lord
 77392 | Depths:4 | Escaped Pandemonium
 77393 | Depths:4 | Upgraded the game from 0.31-a0-207-g184df878d8 to
                  | 0.31-a0-210-gccc998df9b
 77394 | Pan      | Entered the realm of Cerebov.
 77394 | Pan      | Entered Pandemonium
 78425 | Pan      | Identified the +11 long sword "Zeelo" {heavy, *Rage Fly
                  | rElec rN++}
 78425 | Pan      | Identified the ring "Soiqi" {rPois Will+ Int+4 Dex+6
                  | Stlth-}
 78900 | Pan      | Identified the +4 flail of World Downfall {spect, Dex+4}
 79262 | Pan      | Identified the +1 battleaxe "Jifeaz" {venom, rF++ Str-5
                  | Dex+2}
 79283 | Pan      | Reached skill level 27 in Invocations
 79691 | Pan      | Identified the +9 great sword "Paceig" {heavy, Will- Str+6}
 79697 | Pan      | Reached skill level 27 in Fighting
 79699 | Pan      | Identified the +4 great sword "Qiolaune" {drain, *Corrode
                  | rN+++ Str+4}
 79699 | Pan      | Identified the +1 robe of Kizod {Harm Int+6}
 79828 | Pan      | Found the +6 sword of Cerebov {flame}
 79828 | Pan      | Noticed Cerebov
 80098 | Pan      | Gained mutation: You have a pair of small antennae on your
                  | head. [hidden potential]
 80295 | Pan      | Identified the +2 helmet of the Fife {rPois rC- Str+8
                  | Slay-2}
 80328 | Pan      | Identified the +1 ring mail of Adwiur {Int+3}
 80458 | Pan      | Killed Cerebov
 80472 | Pan      | Got a fiery rune of Zot
 80487 | Pan      | Lost mutation: Your spells are a little easier to cast, but
                  | a little less powerful. [potion of mutation]
 80487 | Pan      | Lost mutation: You have sharp toenails. [potion of
                  | mutation]
 80488 | Pan      | Lost mutation: You are strong-willed. (Will+) [potion of
                  | mutation]
 80488 | Pan      | Lost mutation: You possess an exceptional clarity of mind.
                  | [potion of mutation]
 80488 | Pan      | Lost mutation: You have a pair of small antennae on your
                  | head. [potion of mutation]
 80488 | Pan      | Gained mutation: You are robust. (+10% HP) [potion of
                  | mutation]
 80488 | Pan      | Gained mutation: You are strong-willed. (Will+) [potion of
                  | mutation]
 80488 | Pan      | Gained mutation: You are agile. (Dex +4, Str/Int -1)
                  | [potion of mutation]
 80556 | Pan      | Identified the +0 short sword of Traps {heavy, +Blink Will+
                  | Int+2}
 80841 | Pan      | Entered the realm of Lom Lobon.
 81929 | Pan      | Noticed Lom Lobon
 82266 | Pan      | Killed Lom Lobon
 82331 | Pan      | Got a magical rune of Zot
 82417 | Pan      | Identified the +2 ring mail of the Jolly Hosts {rElec rN+
                  | Regen+ Str-3}
 82454 | Depths:4 | Escaped Pandemonium
 83259 | Pan      | Entered the realm of Gloorx Vloq.
 83259 | Pan      | Entered Pandemonium
 83260 | Pan      | Noticed Gloorx Vloq
 83267 | Pan      | Killed Gloorx Vloq
 83293 | Pan      | Got a dark rune of Zot
 83777 | Pan      | Found an exit through the horrors of the Abyss.
 84241 | Depths:1 | Escaped Pandemonium
 84280 | Pan      | Entered Pandemonium
 84360 | Pan      | Entered the realm of Mnoleg.
 84361 | Pan      | Gained mutation: You have great hidden genetic potential.
                  | [a neqoxec]
 84561 | Pan      | Found an exit through the horrors of the Abyss.
 84704 | Pan      | Reached skill level 5 in Spellcasting
 84721 | Pan      | Gained mutation: You are partially covered in iridescent
                  | scales. (AC +2) [hidden potential]
 84721 | Pan      | Lost mutation: You have great hidden genetic potential.
                  | [hidden potential expressed]
 84785 | Pan      | Gained mutation: You are weak. (Str -2) [a neqoxec]
 84811 | Pan      | Noticed Mnoleg
 84821 | Pan      | Killed Mnoleg
 84868 | Pan      | Got a glowing rune of Zot
 84973 | Pan      | Gained mutation: You occasionally lose the ability to drink
                  | potions when taking damage. [a shining eye]
 85059 | Pan      | Lost mutation: You are agile. (Dex +4, Str/Int -1) [potion
                  | of mutation]
 85059 | Pan      | Lost mutation: You are weak. (Str -2) [potion of mutation]
 85059 | Pan      | Gained mutation: You occasionally shout uncontrollably at
                  | your foes. [potion of mutation]
 85059 | Pan      | Lost mutation: You occasionally shout uncontrollably at
                  | your foes. [potion of mutation]
 85059 | Pan      | Gained mutation: Your magical capacity is low. (-10% MP)
                  | [potion of mutation]
 85060 | Pan      | Lost mutation: You are strong-willed. (Will+) [potion of
                  | mutation]
 85060 | Pan      | Lost mutation: You have hidden genetic potential. [potion
                  | of mutation]
 85060 | Pan      | Gained mutation: You expend magic power (3 MP) to
                  | strengthen your wands. [potion of mutation]
 85060 | Pan      | Gained mutation: You passively map a small area around you.
                  | [potion of mutation]
 85060 | Pan      | Gained mutation: You sometimes lose your temper in combat.
                  | [potion of mutation]
 85060 | Pan      | Gained mutation: You have a pair of small horns on your
                  | head. [potion of mutation]
 85061 | Pan      | Lost mutation: You occasionally lose the ability to drink
                  | potions when taking damage. [potion of mutation]
 85061 | Pan      | Lost mutation: You are partially covered in iridescent
                  | scales. (AC +2) [potion of mutation]
 85061 | Pan      | Lost mutation: You expend magic power (3 MP) to strengthen
                  | your wands. [potion of mutation]
 85061 | Pan      | Gained mutation: You are covered in fur. (AC +1) [potion of
                  | mutation]
 85061 | Pan      | Gained mutation: You are dopey. (Int -2) [potion of
                  | mutation]
 85061 | Pan      | Gained mutation: You have a pair of horns on your head.
                  | [potion of mutation]
 85062 | Pan      | Lost mutation: You passively map a small area around you.
                  | [potion of mutation]
 85062 | Pan      | Lost mutation: You sometimes lose your temper in combat.
                  | [potion of mutation]
 85062 | Pan      | Gained mutation: You are very robust. (+20% HP) [potion of
                  | mutation]
 85062 | Pan      | Gained mutation: Your magical capacity is very low. (-20%
                  | MP) [potion of mutation]
 85367 | Pan      | Noticed Igischib the pandemonium lord
 85386 | Pan      | Killed Igischib the pandemonium lord
 85416 | Pan      | Identified the +2 leather armour of Basioclief {rC+ Str+3}
 86046 | Pan      | Noticed Qarot the pandemonium lord
 86056 | Pan      | Killed Qarot the pandemonium lord
 86081 | Pan      | Reached skill level 1 in Air Magic
 86688 | Pan      | Identified the +4 long sword of Famine {venom, rElec Will++
                  | Str+3 Int-4}
 87039 | Pan      | Noticed Fogud the pandemonium lord
 87053 | Pan      | Killed Fogud the pandemonium lord
 87404 | Pan      | Identified the +3 pair of gloves of Divine Intervention
                  | {+Blink rC+ Dex+3}
 87407 | Pan      | Noticed Fofrin the pandemonium lord
 87418 | Pan      | Killed Fofrin the pandemonium lord
 87608 | Pan      | Found an exit through the horrors of the Abyss.
 87623 | Pan      | Took an exit into the Abyss.
 87623 | Abyss:4  | Escaped into the Abyss
 87627 | Depths:1 | Escaped the Abyss
 87733 | Hell     | Entered the Vestibule of Hell
 87733 | Hell     | Noticed Geryon
 87734 | Hell     | Identified the +7 tower shield of the Eternal Fruit {rF-
                  | Str+4}
 87742 | Hell     | Killed Geryon
 87822 | Hell     | Found a gateway to the freezing wastes of Cocytus.
 87989 | Hell     | Found a gateway to the decaying netherworld of Tartarus.
 88049 | Hell     | Found a gateway to the ashen valley of Gehenna.
 88064 | Hell     | Reached skill level 5 in Air Magic
 88143 | Hell     | Found a gateway to the Iron City of Dis.
 88350 | Geh:1    | Entered Level 1 of Gehenna
 88606 | Geh:3    | Reached skill level 27 in Shields
 89079 | Geh:7    | Entered Level 7 of Gehenna
 89377 | Geh:7    | Noticed the Serpent of Hell
 89399 | Geh:7    | Killed the Serpent of Hell
 89905 | Geh:7    | Identified the +8 short sword of Fundamental Breach
                  | {antimagic, rC+++ Will- Str+2 SInv}
 89937 | Geh:7    | Found the +13 sceptre of Asmodeus
 89937 | Geh:7    | Noticed Asmodeus
 89953 | Geh:7    | Killed Asmodeus
 89968 | Geh:7    | Got an obsidian rune of Zot
 90113 | Tar:1    | Entered Level 1 of Tartarus
 90874 | Tar:6    | Reached skill level 27 in Maces & Flails
 90901 | Tar:7    | Entered Level 7 of Tartarus
 91027 | Tar:7    | Noticed an ancient lich
 91029 | Tar:7    | Noticed an ancient lich
 91033 | Tar:7    | Killed an ancient lich
 91033 | Tar:7    | Killed an ancient lich
 91043 | Tar:7    | Identified the +1 hand axe of Makhleb's Scorn {protect,
                  | *Rage rC+ Str+2}
 91045 | Tar:7    | Identified the ring "Itoimad" {Ice rElec rCorr Str+2 Int-2}
 91419 | Tar:7    | Noticed a dread lich
 91419 | Tar:7    | Paralysed by a dread lich for 5 turns
 91420 | Tar:7    | Noticed a dread lich
 91426 | Tar:7    | Killed a dread lich
 91427 | Tar:7    | Killed a dread lich
 91436 | Tar:7    | Identified the ring "Tial Juss" {rC+ Dex+6}
 91443 | Tar:7    | Identified the ring of Waxith {rF++ rN+ Dex-5 SInv}
 91760 | Tar:7    | Noticed Ereshkigal
 91773 | Tar:7    | Killed Ereshkigal
 91864 | Tar:7    | Got a bone rune of Zot
 93090 | Depths:2 | Killed Sojobo
 93344 | Depths:2 | Killed Fopulom's ghost
 93360 | Depths:2 | Identified the +3 barding "Acsoi" {Harm rC+ Str-5 Dex+5}
 93510 | Zot:2    | Killed Raoceuw's ghost
 93581 | Zot:2    | Bought a potion of brilliance for 136 gold pieces
 93581 | Zot:2    | Bought a potion of enlightenment for 170 gold pieces
 93924 | Dis:1    | Entered Level 1 of the Iron City of Dis
 94242 | Dis:1    | Noticed a dread lich
 94254 | Dis:1    | Killed a dread lich
 94589 | Dis:1    | Noticed a royal mummy
 94602 | Dis:1    | Killed a royal mummy
 94623 | Dis:1    | Noticed a dread lich
 94623 | Dis:1    | Noticed an ancient lich
 94632 | Dis:1    | Killed a dread lich
 94633 | Dis:1    | Reached skill level 15 in Dodging
 94639 | Dis:1    | Killed an ancient lich
 94651 | Dis:1    | Noticed a royal mummy
 94661 | Dis:1    | Killed a royal mummy
 94756 | Dis:1    | Noticed a royal mummy
 94760 | Dis:1    | Killed a royal mummy
 95173 | Dis:3    | Noticed an ancient lich
 95185 | Dis:3    | Killed an ancient lich
 95926 | Dis:7    | Entered Level 7 of the Iron City of Dis
 95995 | Dis:7    | Noticed a dread lich
 96007 | Dis:7    | Paralysed by a dread lich for 3 turns
 96010 | Dis:7    | Killed a dread lich
 96192 | Coc:1    | Entered Level 1 of Cocytus
 96532 | Coc:3    | Paralysed by a wendigo for 1 turns
 96701 | Coc:5    | Identified the +0 tower shield of the Stars {Rampage rF+
                  | Stlth+}
 96938 | Coc:7    | Entered Level 7 of Cocytus
 97709 | Coc:7    | Reached skill level 27 in Armour
 97776 | Coc:7    | Paralysed by a wendigo for 1 turns
 97781 | Coc:7    | Noticed an ancient lich
 97797 | Coc:7    | Paralysed by a wendigo for 1 turns
 97894 | Coc:7    | Killed an ancient lich
 98057 | Coc:7    | Noticed Antaeus
 98067 | Coc:7    | Identified the +8 tower shield of Amorality {Will++ MP+9
                  | Str-4}
 98083 | Coc:7    | Killed Antaeus
 98091 | Coc:7    | Identified the amulet of Sutso Xiumm {Spirit rPois Dex-2
                  | Slay+3 Stlth+}
 98167 | Coc:7    | Got an icy rune of Zot
 98232 | Coc:7    | Identified the ring of Coronation {rC+ Stlth+}
 98435 | Hell     | Learned a level 3 spell: Vhi's Electric Charge
 98440 | Hell     | Learned a level 4 spell: Manifold Assault
 98445 | Hell     | Learned a level 4 spell: Passage of Golubria
 98449 | Hell     | Learned a level 3 spell: Gell's Gravitas
 98865 | Dis:7    | Reached skill level 5 in Translocations
 98872 | Dis:7    | Noticed a juggernaut
 98879 | Dis:7    | Killed a juggernaut
 99187 | Dis:7    | Noticed a juggernaut
 99196 | Dis:7    | Killed a juggernaut
 99355 | Dis:7    | Reached skill level 10 in Spellcasting
 99806 | Dis:7    | Reached skill level 10 in Translocations
 99954 | Dis:7    | Noticed Dispater
 99955 | Dis:7    | Noticed a juggernaut
 99979 | Dis:7    | Killed Dispater
 99982 | Dis:7    | Killed a juggernaut
100020 | Dis:7    | Got the Incunabulum of the Chilling Mob
100030 | Dis:7    | Got an iron rune of Zot
100603 | Tomb:1   | Entered Level 1 of the Tomb of the Ancients
100766 | Tomb:1   | Paralysed by a sphinx for 3 turns
101045 | Tomb:1   | Noticed a royal mummy
101045 | Tomb:1   | Noticed a royal mummy
101050 | Tomb:1   | Noticed a royal mummy
101076 | Tomb:1   | Killed a royal mummy
101079 | Tomb:1   | Killed a royal mummy
101083 | Tomb:1   | Killed a royal mummy
101445 | Tomb:2   | Noticed a royal mummy
101456 | Tomb:2   | Killed a royal mummy
101457 | Tomb:2   | Noticed a royal mummy
101465 | Tomb:2   | Killed a royal mummy
101466 | Tomb:2   | Noticed a royal mummy
101466 | Tomb:2   | Noticed a royal mummy
101473 | Tomb:2   | Killed a royal mummy
101474 | Tomb:2   | Killed a royal mummy
101775 | Tomb:1   | Noticed a royal mummy
101780 | Tomb:1   | Killed a royal mummy
101788 | Tomb:1   | Noticed a royal mummy
101795 | Tomb:1   | Killed a royal mummy
101862 | Tomb:1   | Noticed a royal mummy
101870 | Tomb:1   | Killed a royal mummy
101883 | Tomb:1   | Noticed a royal mummy
101888 | Tomb:1   | Noticed a royal mummy
101890 | Tomb:1   | Killed a royal mummy
101892 | Tomb:1   | Killed a royal mummy
101893 | Tomb:1   | Reached skill level 15 in Translocations
101894 | Tomb:1   | Noticed a royal mummy
101895 | Tomb:1   | Noticed a royal mummy
101899 | Tomb:1   | Killed a royal mummy
101901 | Tomb:1   | Killed a royal mummy
101904 | Tomb:1   | Noticed a royal mummy
101908 | Tomb:1   | Killed a royal mummy
101950 | Tomb:1   | Noticed a royal mummy
101959 | Tomb:1   | Killed a royal mummy
101971 | Tomb:1   | Noticed a royal mummy
101973 | Tomb:1   | Noticed a royal mummy
101980 | Tomb:1   | Killed a royal mummy
101986 | Tomb:1   | Killed a royal mummy
102056 | Tomb:1   | Noticed a royal mummy
102063 | Tomb:1   | Killed a royal mummy
102066 | Tomb:1   | Noticed a royal mummy
102094 | Tomb:1   | Killed a royal mummy
102142 | Tomb:1   | Noticed a royal mummy
102143 | Tomb:1   | Noticed a royal mummy
102145 | Tomb:1   | Noticed a royal mummy
102150 | Tomb:1   | Killed a royal mummy
102150 | Tomb:1   | Noticed a royal mummy
102152 | Tomb:1   | Killed a royal mummy
102154 | Tomb:1   | Killed a royal mummy
102214 | Tomb:1   | Killed a royal mummy
102331 | Tomb:1   | Noticed a royal mummy
102335 | Tomb:1   | Killed a royal mummy
102342 | Tomb:1   | Noticed a royal mummy
102346 | Tomb:1   | Killed a royal mummy
102588 | Tomb:3   | Entered Level 3 of the Tomb of the Ancients
102600 | Tomb:3   | Reached skill level 10 in Air Magic
102612 | Tomb:3   | Noticed a royal mummy
102612 | Tomb:3   | Noticed a royal mummy
102612 | Tomb:3   | Noticed a royal mummy
102612 | Tomb:3   | Noticed a royal mummy
102614 | Tomb:3   | Noticed a royal mummy
102614 | Tomb:3   | Noticed a royal mummy
102616 | Tomb:3   | Killed a royal mummy
102616 | Tomb:3   | Noticed Khufu
102618 | Tomb:3   | Killed a royal mummy
102618 | Tomb:3   | Noticed a royal mummy
102646 | Tomb:3   | Noticed a royal mummy
102647 | Tomb:3   | Killed a royal mummy
102650 | Tomb:3   | Killed a royal mummy
102652 | Tomb:3   | Killed a royal mummy
102655 | Tomb:3   | Killed a royal mummy
102666 | Tomb:3   | Killed a royal mummy
102671 | Tomb:3   | Killed a royal mummy
102677 | Tomb:3   | Killed Khufu
102780 | Tomb:3   | Got a golden rune of Zot
102859 | Tomb:3   | Identified the +2 trident of Responsibility {antimagic,
                  | rElec rCorr Str+3 Stlth+}
102889 | Tomb:3   | Identified the ring "Lopsonk" {*Corrode Str+4 Dex+5 SInv}
102908 | Tomb:3   | Identified the +1 falchion "Death Rattle" {pain, rElec
                  | rPois rC- Will+++}
103182 | Tomb:3   | Got the Tome of Deathly Conjury
103993 | Zot:5    | Noticed an ancient lich
103996 | Zot:5    | Killed an ancient lich
104072 | Zot:5    | Got the Orb of Zot
104625 | D:$      | Escaped with the Orb!

Illustrated notes

Levels and vault maps discovered:
D:1:      scummos_arrival_hexagon, layout_basic, st_stairs_3
D:2:      layout_basic, ebering_ecumenical_altar_rust, kennysheep_potato
D:3:      layout_loops_ring, mainiacjoe_overflow_cross_hatched,
          mainiacjoe_overflow_24_doors, cheibrodos_sewer_entry_drain,
          serial_forest, infiniplex_forest_lined_4_way,
          infiniplex_forest_straight_1, infiniplex_forest_clump_long,
          infiniplex_forest_zigzag_1, infiniplex_forest_lined_3,
          infiniplex_forest_lined_3, infiniplex_forest_clump_double,
          infiniplex_forest_straight_2, uniq_robin, uniq_grinder
D:4:      layout_basic, grunt_dithmenos_smoke_and_mirrors, serial_shops, shop
D:5:      layout_loops_cross, grunt_temple_overflow_open
D:6:      wad_woods_stonehenge, layout_basic, mainiacjoe_overflow_catwalk,
          general_overflow_altar, minmay_temple_entry_stoned_glass,
          minmay_fountain_box
D:7:      layout_basic, kennysheep_mini, amcnicky_mini_pool_medium
D:8:      minmay_the_grid_triangle_9x9_rhombus_full
          [minmay_the_grid_triangle_9x9_tough_junction,
          minmay_the_grid_triangle_9x9_semitri,
          minmay_the_grid_triangle_9x9_empty,
          minmay_the_grid_triangle_9x9_thin_v,
          minmay_the_grid_triangle_9x9_negative_grid,
          minmay_the_grid_triangle_9x9_sprig,
          minmay_the_grid_triangle_9x9_from_above,
          minmay_the_grid_triangle_9x9_prize_schism], layout_loops_corners,
          amcnicky_altar_gilded, st_stairs_10, uniq_maggie
D:9:      layout_roguey, nzn_ghost_randoct
D:10:     layout_big_octagon, grunt_temple_overflow_forces_of_nature,
          elyvilon_altar_5, erik_orc_2, uniq_gastronok
D:11:     layout_basic, lair_entry_dummy
D:12:     layout_roguey, eino_tiny_chamber
D:13:     layout_long_grid, skrybe_vaults_entry_preservation,
          kennysheep_generic_room_4
D:14:     layout_roguey, gammafunk_ghost_fury_of_okawaru,
          chequers_serial_rivers_micro_d, portal_ice_cave_entry_dragon,
          uniq_jorgrun, uniq_kirke
D:15:     gammafunk_depths_entry_grave, layout_gridville, serial_bayou_pond_c,
          einodemon_armed_red_devil_minivault
Temple:   hellmonk_temple_flake
Lair:1:   layout_concentric_octagons
Lair:2:   dragon1_lemuel, layout_long_grid
Lair:3:   layout_cave_pods, swamp_mist_pool, guppyfry_snake_entry_garden,
          minivault_24, uniq_rupert
Lair:4:   layout_cave_pods, minmay_slime_entry_oklob_enclosed, serial_bayou,
          serial_bayou_lagoon_b, serial_bayou_shore_b, serial_bayou_pond_d,
          serial_bayou_pond_b, serial_bayou_crossing, serial_bayou_pond_b
Lair:5:   guppyfry_lair_end_dragon, layout_regular_city,
          dreamdust_mushroom_princess, uniq_nessos
Swamp:1:  layout_falls_marsh, evilmike_swamp_ruin_house_2
Swamp:2:  layout_basic_swamp, evilmike_swamp_ruin_house_1, swamp_pool1,
          nicolae_swamp_necromancy_gone_wrong
Swamp:3:  layout_basic_swamp, hangedman_swamp_diagram, swamp_pool2,
          st_swamp_ruins_3
Swamp:4:  swamp_icy, layout_basic_swamp, swamp_pool1
Snake:1:  layout_honeycomb, serial_shops, nicolae_shop_real_fake_doors,
          lemuel_fruit_tree, grunt_megastairs_3, serial_bayou_shore_a
Snake:2:  layout_onion, gammafunk_ghost_wrathful_warriors, grunt_megastairs_1,
          serial_bayou_shore_b
Snake:3:  layout_onion, nicolae_snake_ghostly_warrior_ritual
Snake:4:  grunt_snake_rune_pools, layout_misc_corridors, basic_altar,
          minmay_shop_grove, uniq_saint_roka
Slime:1:  layout_caves, nicolae_slime_barrier
Slime:2:  layout_caves
Slime:3:  layout_caves, cheibrodos_slime_lost_civilization_6
Slime:4:  layout_caves
Slime:5
Orc:1:    layout_caves, special_room [special_room_orc], serial_shops, shop,
          uniq_josephine
Orc:2:    st_orc_mages, layout_diamond_mine, basic_altar
Elf:1:    eino_elf_arrival_altar, layout_geoelf_grid, minmay_elf_sorcery,
          drop_trap, kennysheep_underground_church, uniq_azrael
Elf:2:    elven_hall_of_blades_hangedman_original [mumra_blade_entry_bloodbath],
          layout_gridlike, serial_shops, bzr_entry_islet,
          nicolae_elf_free_trip_to_the_abyss
Elf:3:    minmay_elf_hall_furrowed, layout_loops_corners, serial_shops, shop,
          minivault_27, wad_floor_pattern_1, lemuel_statue_altar,
          grunt_megastairs_4
Vaults:1: vaults_room_grunt_arrival_ludios, nicolae_vaults_diamond_1,
          grunt_vaults_swirl, v_misc_13, ontoclasm_vaults_ligature,
          nicolae_vaults_double_plus_2, vaults_room_door_ring,
          nicolae_vaults_closet_pinwheel_4, vaults_mumra_chevron,
          vaults_room_grunt_arrival_checkpoint, nicolae_vaults_three_branches,
          nicolae_vaults_circle_grid_a, layout_vaults_ring, serial_shops, shop
Vaults:2: vaults_dpeg_diagonal, ontoclasm_vaults_tryst, nicolae_vaults_meeting,
          nicolae_vaults_network_star, nicolae_vaults_taking_the_gang_shopping,
          nicolae_vaults_closet_pinwheel_6, nicolae_vaults_closet_pinwheel_2,
          vaults_room_semicircle, minmay_crypt_entry_simple_walls,
          hangedman_vaults_trim, nicolae_vaults_tetromino_T_1,
          dpeg_vaults_monster_box, layout_vaults_quadrants
Vaults:3: st_octagons_1, vaults_dpeg_emergency_exit,
          nicolae_vaults_hexular_roomagon, v_misc_25, vaults_room_hallway,
          nicolae_vaults_tangram_2, ontoclasm_vaults_eye,
          nicolae_vaults_house_3, vaults_dpeg_hooks, nicolae_vaults_house_1,
          layout_vaults_chaotic_city, serial_shops, shop, uniq_nikola, uniq_jory
Vaults:4: nicolae_vaults_rhombus_6, nicolae_vaults_rhombus_7,
          hangedman_vaults_variations, nicolae_vaults_trapezoid_4, v_misc_17,
          v_misc_9, nicolae_vaults_cochlea, nicolae_vaults_weapon_check,
          nicolae_vaults_surprise_closet, v_misc_16, nicolae_vaults_big_ls,
          v_misc_15, v_misc_15, dpeg_vaults_monster_row,
          layout_vaults_maze_bifur, serial_shops, shop, uniq_aizul
Vaults:5: serial_shops
Crypt:1:  cheibrodos_crypt_cold_storage, layout_gridlike,
          lemuel_mausoleum_altar_yredelemnul
Crypt:2:  layout_misc_corridors, basic_altar, uniq_mennas
Crypt:3:  quadcrypt_mu
Tomb:1
Tomb:2
Tomb:3
Depths:1: layout_gridlike, gammafunk_ghost_split, rand_demon_pan_entry_8,
          minmay_misc_feat_secret_circle, hell_entry, zin_statuary
Depths:2: nicolae_legendary_halls, layout_gridlike,
          biasface_ghost_demon_polymorph, lightli_too_deep,
          grunt_pan_entry_zigzag, abyss_entry, minivault_16,
          minmay_misc_feat_alley, st_stairs_10, uniq_sojobo
Depths:3: grunt_twist_and_shout, layout_cave_pools, solitary_fountain,
          hell_entry, hangedman_abyss_entry_splay
Depths:4: grunt_zot_entry_pinwheel, layout_cave_pools, enter_ziggurat_e,
          hangedman_coc_ice_floe, rand_demon_pan_entry_5, nrook_uturn,
          minmay_misc_feat_enclosed, uniq_parghit
Hell
Dis:1:    layout_regular_city, lemuel_mystery_crypt
Dis:2:    hangedman_dis_decor_blocks_crown, layout_regular_city
Dis:3:    layout_gridville
Dis:4:    layout_jigsaw, nicolae_dis_strange_trophy_room
Dis:5:    nicolae_dis_hell_towers
Dis:6:    layout_gridville
Dis:7:    dis_hangedman
Geh:1:    layout_gehenna_pools_triple, nicolae_geh_lavax
Geh:2:    layout_gehenna_pools_basic, hangedman_elemental_grid_stream
Geh:3:    layout_gehenna_lava_caves, nicolae_hells_hurtin_island
Geh:4:    layout_gehenna_lava_caves
Geh:5:    layout_gehenna_lava_caves, hangedman_gehenna_grave_pits
Geh:6:    layout_gehenna_lava_caves
Geh:7:    geh_grunt_pentagon
Coc:1:    layout_ice_bergs
Coc:2:    layout_cocytus_water_paths
Coc:3:    layout_cocytus_delve
Coc:4:    layout_cocytus_water_paths
Coc:5:    layout_ice_bergs
Coc:6:    layout_cocytus_water_paths
Coc:7:    coc_grunt_cove [coc_grunt_cove_antaeus, coc_grunt_cove_fiend,
          coc_grunt_cove_fiend, coc_grunt_cove_fiend, coc_grunt_cove_fiend]
Tar:1:    layout_grid_maze
Tar:2:    layout_cathedral_of_symmetry
Tar:3:    layout_catacombs
Tar:4:    nicolae_hells_demon_pit, layout_cathedral_of_symmetry
Tar:5:    nicolae_tar_fifth_circle, layout_cathedral_of_symmetry,
          nicolae_tar_cuneiform_two
Tar:6:    layout_catacombs
Tar:7:    tar_grunt_cathedral
Zot:1:    dreamdust_zin_vs_xom, layout_onion, hangedman_zot_diagonal_lockstep
Zot:2:    layout_twisted_circle, ebering_ghost_gozag
Zot:3:    layout_misc_corridors
Zot:4:    layout_concentric_octagons, st_stairs_13, grunt_megastairs_5
Zot:5:    layout_cathedral_of_symmetry, grunt_ministairs_3

Skill      XL: |  1  2  3  4  5  6  7  8  9 10 11 12 13 14 15 16 17 18 19 20 21 22 23 24 25 26 27 |
---------------+----------------------------------------------------------------------------------+-----
Shields        | 1 2 3 4 5 7 8 11 13 15 17 18 19 20 27 | 27.0
Fighting       | 4 5 7 9 11 12 13 14 15 16 17 19 20 21 22 23 24 27 | 27.0
Maces & Flails | 4 5 6 8 10 11 12 13 14 15 16 17 18 27 | 27.0
Armour         | 2 3 4 6 8 9 12 13 15 17 18 27 | 27.0
Throwing       | 4 6 8 10 11 13 17 | 17.0
Evocations     | 1 4 7 8 9 |  9.0
Axes           | 4 |  4.2
Invocations    | 2 8 10 11 13 14 18 21 23 27 | 27.0
Dodging        | 4 8 10 18 | 18.2
Transmutations | 4 6 |  6.0
Spellcasting   | 4 10 | 10.0
Translocations | 4 16 | 16.0
Air Magic      | 14 | 14.4
Fire Magic     | |  3.0

Action                     |  1- 3 |  4- 6 |  7- 9 | 10-12 | 13-15 | 16-18 | 19-21 | 22-24 | 25-27 || total
---------------------------+-------+-------+-------+-------+-------+-------+-------+-------+-------++-------
  Melee: Mace              |    68 |   163 |   118 |       |       |       |       |       |       ||   349
         Punch             |     1 |       |       |       |       |       |       |       |       ||     1
         Morningstar       |       |       |   399 |   249 |     7 |       |       |       |       ||   655
         Broad axe         |       |       |       |   334 |   963 |  1363 |       |       |       ||  2660
         Sacred scourge    |       |       |       |       |       |   117 |  1513 |  1772 |  5524 ||  8926
         Bite              |       |       |       |       |       |       |       |   310 |  1274 ||  1584
         Headbutt          |       |       |       |       |       |       |       |       |  1124 ||  1124
  Throw: Dart              |    30 |    36 |    73 |   102 |    25 |    47 |    10 |       |       ||   323
         Boomerang         |       |       |       |    15 |    45 |    58 |   100 |    45 |   283 ||   546
         Throwing net      |       |       |       |       |     1 |       |       |       |       ||     1
         Javelin           |       |       |       |       |       |       |     2 |       |    70 ||    72
   Cast: Wereblood         |       |       |       |       |       |       |       |    13 |    10 ||    23
         Vhi's Electric Ch |       |       |       |       |       |       |       |       |    70 ||    70
         Manifold Assault  |       |       |       |       |       |       |       |       |    17 ||    17
         Blink             |       |       |       |       |       |       |       |       |     2 ||     2
         Swiftness         |       |       |       |       |       |       |       |       |     1 ||     1
 Invoke: Fiery Armour      |     1 |       |     3 |     3 |     4 |       |       |       |       ||    11
         Foxfire Swarm     |       |       |       |       |     1 |       |       |       |       ||     1
         Brand Weapon With |       |       |       |       |       |     1 |       |       |       ||     1
         Summon Divine War |       |       |       |       |       |       |    16 |    21 |   149 ||   186
         Divine Shield     |       |       |       |       |       |       |     1 |     7 |    42 ||    50
         Cleansing Flame   |       |       |       |       |       |       |     1 |     2 |   174 ||   177
Ability: Evoke Blink       |       |       |       |       |       |       |       |       |     3 ||     3
  Evoke: Wand              |       |     3 |       |       |     2 |     6 |     1 |       |    26 ||    38
         Box of beasts     |       |       |       |     1 |     2 |     1 |     1 |       |       ||     5
         Phantom mirror    |       |       |       |       |     2 |     2 |       |       |     1 ||     5
         Phial of floods   |       |       |       |       |     1 |     2 |       |     1 |       ||     4
         Tin of tremorston |       |       |       |       |       |     4 |     2 |     6 |       ||    12
         Lightning rod     |       |       |       |       |       |     3 |     2 |       |       ||     5
    Use: Potion            |       |       |     1 |     1 |    10 |     9 |     3 |     7 |    50 ||    81
         Scroll            |       |       |     3 |     8 |    11 |    12 |     6 |     9 |    39 ||    88
   Stab: Paralysed         |       |     9 |       |       |       |       |       |       |       ||     9
         Held in net/web   |       |       |       |       |     1 |       |       |       |       ||     1
         Distracted        |       |       |       |       |       |     1 |       |       |       ||     1
 Armour: Robe              |    13 |       |       |       |       |       |       |       |       ||    13
         Chain mail        |    34 |   130 |   195 |       |    41 |       |       |       |       ||   400
         Plate armour      |       |       |   215 |   481 |   724 |   475 |       |       |       ||  1895
         Crystal plate arm |       |       |       |       |       |   412 |   504 |   759 |   345 ||  2020
         Gold dragon scale |       |       |       |       |       |       |       |       |  1610 ||  1610
  Dodge: Dodged            |    20 |    26 |    70 |   109 |   320 |   394 |   129 |   211 |   726 ||  2005
  Block: Tower shield      |    21 |   116 |   329 |   436 |   937 |  1445 |   874 |   102 |   186 ||  4446
         Reflection        |       |       |       |       |       |    32 |    36 |    48 |   146 ||   262
         Kite shield       |       |       |       |       |       |       |       |   984 |  3403 ||  4387

Table legend: (Time is in decaauts)
 A = Elapsed time spent in this place.
 B = Non-inter-level travel time spent in this place.
 C = Inter-level travel time spent in this place.
 D = Time resting spent in this place.
 E = Time spent auto-exploring this place.
 F = Levels seen in this place.
 G = Mean time per level.
                   A        B        C        D        E       F      G
               +--------+--------+--------+--------+--------+-----+--------+
         Total | 101957 |  85656 |  16301 |   8410 |  29277 | 120 |  849.6 |
       Dungeon |  20618 |  14805 |   5813 |    350 |   8032 |  15 | 1374.5 |
        Temple |    160 |    151 |      9 |      0 |    129 |   1 |  160.0 |
          Lair |   7703 |   6014 |   1689 |     54 |   3981 |   5 | 1540.6 |
         Swamp |   4574 |   4194 |    380 |    401 |   2352 |   4 | 1143.5 |
     Snake Pit |   4312 |   3878 |    434 |     28 |   1963 |   4 | 1078.0 |
    Slime Pits |   1771 |   1714 |     57 |    565 |    111 |   5 |  354.2 |
  Orcish Mines |   2101 |   1719 |    382 |    167 |    541 |   2 | 1050.5 |
   Elven Halls |   5266 |   4172 |   1094 |    340 |   1725 |   3 | 1755.3 |
        Vaults |  11163 |   8279 |   2884 |    826 |   3288 |   5 | 2232.6 |
         Crypt |   3931 |   3208 |    723 |    136 |    770 |   3 | 1310.3 |
          Tomb |   2725 |   2672 |     53 |    432 |    173 |   3 |  908.3 |
        Depths |   6840 |   5282 |   1558 |    550 |   2236 |   4 | 1710.0 |
          Hell |   1196 |    938 |    258 |    131 |    136 |   1 | 1196.0 |
           Dis |   3173 |   2958 |    215 |    966 |      0 |   7 |  453.3 |
       Gehenna |   1484 |   1414 |     70 |    125 |      0 |   7 |  212.0 |
       Cocytus |   1929 |   1913 |     16 |    174 |     81 |   7 |  275.6 |
      Tartarus |   1608 |   1579 |     29 |    300 |      7 |   7 |  229.7 |
           Zot |   6825 |   6196 |    629 |   1068 |   2177 |   5 | 1365.0 |
         Abyss |    862 |    862 |      0 |     31 |      0 |   6 |  143.7 |
   Pandemonium |  11906 |  11906 |      0 |   1673 |   1431 |  23 |  517.7 |
        Bazaar |    190 |    190 |      0 |      0 |      0 |   1 |  190.0 |
         Sewer |    525 |    525 |      0 |     31 |     27 |   1 |  525.0 |
      Ice Cave |   1085 |   1085 |      0 |     57 |    116 |   1 | 1085.0 |
               +--------+--------+--------+--------+--------+-----+--------+

Top non-repeatable levels by time:
Vaults:2: 3753 daAuts
   Zot:5: 2542 daAuts
Depths:1: 2464 daAuts
Depths:2: 2433 daAuts
     D:8: 2295 daAuts
Vaults:3: 2281 daAuts
 Crypt:3: 2184 daAuts
   Elf:1: 1994 daAuts
    D:15: 1880 daAuts
  Lair:3: 1859 daAuts
    D:10: 1778 daAuts
   Elf:3: 1776 daAuts
Vaults:1: 1776 daAuts
     D:6: 1743 daAuts
Vaults:5: 1701 daAuts
